Workbook

Sheet Conclusiones
A1: HUV | B1: no
A3: ZONA | B3: LOCAL | C3: ELEMENTO | D3: Coste | E3: INDICADOR | F3: Comentarios HUV
A4: Acceso | B4: Aseo público | C4: Distribución | D4: 5 | E4: (Superficie útil en torno a 4 m² por aseo)¹. (Exclusivos para cada sexo)². (Mínimo de dos)¹. | F4: Datos de hospitalización polivalente porque eran iguales. Solamente hay uno.
E5: Total (Superficie útil en torno a 4 m² por aseo)¹. (Exclusivos para cada sexo)². (Mínimo de dos)¹.
D6: Total 5
C7: Total Distribución
C8: Mobiliario | D8: 1 | E8: Dispensador de jabón, de papel higiénico y de toallas de papel. Escobilla y papelera (preferiblemente con tapa). Espejo y percha. | F8: Falta la percha.
E9: Total Dispensador de jabón, de papel higiénico y de toallas de papel. Escobilla y papelera (preferiblemente con tapa). Espejo y percha.
D10: Total 1
C11: Total Mobiliario
B12: Total Aseo público
B13: Despacho información | C13: Distribución | D13: 5 | E13: Condiciones de privacidad adecuada. Ambiente cálido y residencial. | F13: No cumple.
E14: Total Condiciones de privacidad adecuada. Ambiente cálido y residencial.
E15: Superficie útil en torno a 12 m². | F15: La unidad no tiene este local.
E16: Total Superficie útil en torno a 12 m².
D17: Total 5
C18: Total Distribución
C19: Instalación | D19: 4 | E19: Conexiones eléctricas, de transmisiones y comunicaciones. | F19: No cumple.
E20: Total Conexiones eléctricas, de transmisiones y comunicaciones.
E21: Ventilado mecánicamente. | F21: No cumple.
E22: Total Ventilado mecánicamente.
D23: Total 4
C24: Total Instalación
C25: Mobiliario | D25: 1 | E25: Mesa de trabajo, sillas y sillón ergonómico. | F25: No cumple.
E26: Total Mesa de trabajo, sillas y sillón ergonómico.
D27: Total 1
C28: Total Mobiliario
B29: Total Despacho información
B30: Entrada y vestíbulo | C30: Distribución | D30: 5 | E30: (Superficie útil en torno a 20 m². Espacio diáfano asociado a la circulación externa situado en la zona próxima al control de enfermería para que el personal pueda controlar el acceso a la unidad)¹. (El acceso público se produce por solo un punto. Fácil acceso desde la entrada general de hospitalización del edificio)². | F30: Datos de hospitalización polivalente porque eran iguales. Su superficie es inferior, en torno a los 7 m².
E31: Total (Superficie útil en torno a 20 m². Espacio diáfano asociado a la circulación externa situado en la zona próxima al control de enfermería para que el personal pueda controlar el acceso a la unidad)¹. (El acceso público se produce por solo un punto. Fácil acceso desde la entrada general de hospitalización del edificio)².
D32: Total 5
C33: Total Distribución
C34: Instalación | D34: 4 | E34: Protegido con sistema de seguridad, especialmente por la noche (tarjeta, CCTV, interfono u otro). | F34: No tiene ningún sistema de seguridad.
E35: Total Protegido con sistema de seguridad, especialmente por la noche (tarjeta, CCTV, interfono u otro).
D36: Total 4
C37: Total Instalación
C38: Señalética | D38: 1 | E38: Señal de dirección desde el punto de acceso a planta y señal de localización para identificar la unidad. Directorio a la salida del ascensor. | F38: No hay señal de localización ni directorio.
E39: Total Señal de dirección desde el punto de acceso a planta y señal de localización para identificar la unidad. Directorio a la salida del ascensor.
D40: Total 1
C41: Total Señalética
B42: Total Entrada y vestíbulo
B43: Estar de familiares | C43: Distribución | D43: 5 | E43: (Superficie útil en torno a 30 m². Si aproximadamente el 50 % de las habitaciones de pacientes son de uso individual, puede compartirse con pacientes ingresados. Acceso desde el vestíbulo de entrada)¹. (Cercano al mostrador)². | F43: Datos de hospitalización polivalente porque eran iguales. Su superficie es inferior, en torno a los 16 m².
E44: Total (Superficie útil en torno a 30 m². Si aproximadamente el 50 % de las habitaciones de pacientes son de uso individual, puede compartirse con pacientes ingresados. Acceso desde el vestíbulo de entrada)¹. (Cercano al mostrador)².
D45: Total 5
C46: Total Distribución
C47: Equipamiento | D47: 3 | E47: (Fuente de agua fría y máquinas expendedoras de bebidas)¹ (y comida saludable)². | F47: Hay máquinas expendedoras de bebidas y comida saludable y no saludable junto a las escaleras. No hay fuente de agua fría.
E48: Total (Fuente de agua fría y máquinas expendedoras de bebidas)¹ (y comida saludable)².
D49: Total 3
C50: Total Equipamiento
C51: Mobiliario | D51: 1 | E51: (Sillas sin ruedas)¹. (Los asientos se encuentran en buen estado, sin marcas, ralladuras u otros desperfectos)². (Los usuarios con sillas de ruedas se pueden integrar en la distribución de los asientos de la sala)³. (Mesas de estar, papelera y arte)¹. | F51: Sin mesas ni papelera.
E52: Total (Sillas sin ruedas)¹. (Los asientos se encuentran en buen estado, sin marcas, ralladuras u otros desperfectos)². (Los usuarios con sillas de ruedas se pueden integrar en la distribución de los asientos de la sala)³. (Mesas de estar, papelera y arte)¹.
D53: Total 1
C54: Total Mobiliario
B55: Total Estar de familiares
A56: Total Acceso
A57: Apoyos | B57: Almacén de equipos | C57: Distribución | D57: 5 | E57: Superficie útil en torno a 10 m2. Espacio para el almacenamiento de equipos para movilizar enfermos y otros aparatos voluminosos (equipos de terapia, portasueros, sillas de ruedas y grúas para la movilización de pacientes encamados). | F57: Mide unos 5 m² .
E58: Total Superficie útil en torno a 10 m2. Espacio para el almacenamiento de equipos para movilizar enfermos y otros aparatos voluminosos (equipos de terapia, portasueros, sillas de ruedas y grúas para la movilización de pacientes encamados).
D59: Total 5
C60: Total Distribución
B61: Total Almacén de equipos
B62: Almacén de lencería | C62: Mobiliario | D62: 1 | E62: (Estanterías metálicas)¹, (a no ser que se utilicen carros de reposición periódica)². (El estante más bajo deja un espacio inferior libre mínimo de 300 mm (para facilitar la limpieza y evitar golpes) y el estante más alto tiene una altura igual o inferior a 2100 mm)³. | F62: No cumple.
E63: Total (Estanterías metálicas)¹, (a no ser que se utilicen carros de reposición periódica)². (El estante más bajo deja un espacio inferior libre mínimo de 300 mm (para facilitar la limpieza y evitar golpes) y el estante más alto tiene una altura igual o inferior a 2100 mm)³.
D64: Total 1
C65: Total Mobiliario
B66: Total Almacén de lencería
B67: Almacén de material | C67: Mobiliario | D67: 1 | E67: (Estanterías metálicas)¹. (El estante más bajo deja un espacio inferior libre mínimo de 300 mm (para facilitar la limpieza y evitar golpes) y el estante más alto tiene una altura igual o inferior a 2100 mm)². | F67: No cumple.
E68: Total (Estanterías metálicas)¹. (El estante más bajo deja un espacio inferior libre mínimo de 300 mm (para facilitar la limpieza y evitar golpes) y el estante más alto tiene una altura igual o inferior a 2100 mm)².
E69: Sistema de bandejas que permitan la clasificación, reposición y control del material limpio y estéril. | F69: No cumple.
E70: Total Sistema de bandejas que permitan la clasificación, reposición y control del material limpio y estéril.
D71: Total 1
C72: Total Mobiliario
B73: Total Almacén de material
B74: Oficio de comidas | C74: Equipamiento | D74: 3 | E74: Encimera, pileta, frigorífico y microondas. | F74: Tiene frigorífico pero no microondas.
E75: Total Encimera, pileta, frigorífico y microondas.
D76: Total 3
C77: Total Equipamiento
B78: Total Oficio de comidas
B79: Oficio de limpieza | C79: Mobiliario | D79: 1 | E79: (Armarios o estanterías metálicas)¹. (El estante más bajo deja un espacio inferior libre mínimo de 300 mm (para facilitar la limpieza y evitar golpes) y el estante más alto tiene una altura igual o inferior a 2100 mm)². | F79: No cumple.
E80: Total (Armarios o estanterías metálicas)¹. (El estante más bajo deja un espacio inferior libre mínimo de 300 mm (para facilitar la limpieza y evitar golpes) y el estante más alto tiene una altura igual o inferior a 2100 mm)².
D81: Total 1
C82: Total Mobiliario
B83: Total Oficio de limpieza
A84: Total Apoyos
A85: Circulación | B85: Pasillo | C85: Distribución | D85: 5 | E85: Existe un umbral de acceso a la habitación (ensanchamiento del pasillo). Este espacio facilita el giro de las camas en los movimientos de entrada y salida de la habitación, permite que la puerta abra hacia afuera, da más intimidad a la habitación y facilita que los familiares puedan esperar sin interrumpir el paso en el pasillo. | F85: Las puertas están enrasadas a la pared del pasillo.
E86: Total Existe un umbral de acceso a la habitación (ensanchamiento del pasillo). Este espacio facilita el giro de las camas en los movimientos de entrada y salida de la habitación, permite que la puerta abra hacia afuera, da más intimidad a la habitación y facilita que los familiares puedan esperar sin interrumpir el paso en el pasillo.
D87: Total 5
C88: Total Distribución
C89: Hueco | D89: 4 | E89: Dispone de referencias puntuales de luz natural. | F89: No cumple.
E90: Total Dispone de referencias puntuales de luz natural.
D91: Total 4
C92: Total Hueco
C93: Pared | D93: 2 | E93: El rodapié contrasta con el color del suelo y la pared para diferenciar mejor los elementos. | F93: Es de color blanco, como la pared.
E94: Total El rodapié contrasta con el color del suelo y la pared para diferenciar mejor los elementos.
E95: Las paredes se pueden lavar con agua, son durables, resistentes al impacto de carros y equipos móviles. (Las zonas más propensas al choque de carros y equipos móviles están reforzadas para resistir los impactos. Protecciones de esquinas y paredes)¹. (Las protecciones no sobresalen ni suponen un riesgo)4. (La pintura está en buen estado de conservación, sin marcas como ralladuras o arañazos ni otros desperfectos)³. | F95: No hay protecciones de paredes, solamente de esquinas y el rodapié es muy bajo.
E96: Total Las paredes se pueden lavar con agua, son durables, resistentes al impacto de carros y equipos móviles. (Las zonas más propensas al choque de carros y equipos móviles están reforzadas para resistir los impactos. Protecciones de esquinas y paredes)¹. (Las protecciones no sobresalen ni suponen un riesgo)4. (La pintura está en buen estado de conservación, sin marcas como ralladuras o arañazos ni otros desperfectos)³.
E97: Pasamanos a ambos lados. Su color contrasta con el de la pared. | F97: No hay pasamanos a ningún lado de la pared.
E98: Total Pasamanos a ambos lados. Su color contrasta con el de la pared.
D99: Total 2
C100: Total Pared
C101: Puerta | D101: 2 | E101: Las puertas de sectorización de incendios disponen de retenedores y quedan en el interior del plano de los paramentos de forma que no disminuye el ancho útil del pasillo. | F101: Dispone de retenedores pero no quedan en el interior del plano del paramento.
...

Sheet Requisitos
A1: Nº | C1: ZONA | D1: LOCAL | E1: ELEMENTO | F1: Coste | G1: INDICADOR | H1: S | I1: E | J1: X | K1: P | L1: Referencia | M1: Ptos. | N1: HUV | O1: Comentarios HUV
A2: 1 | C2: Configuración unidad | E2: Distribución | F2: =IF(E2="Distribución",5,IF(E2="instalación",4,IF(E2="equipamiento",3,IF(E2="suelo",3,IF(E2="hueco",4,IF(E2="techo",2,IF(E2="puerta",2,IF(E2="pared",2,IF(E2="mobiliario",1,IF(E2="señalética",1,IF(E2="arte",1,0))))))))))) -> 5 | G2: No sirve de tráfico de paso hacia otra unidad. | H2: 1 | I2: 1 | J2: 1 | K2: 1 | L2: Unidad de enfermería en hospitalización polivalente de agudos, in Estándares y recomendaciones, e.e.i. Informes, Editor. 2009, Ministerio de Sanidad y Política Social | M2: 1 | N2: sí | O2: Datos de hospitalización polivalente porque eran iguales.
A3: =A2+1 -> 2 | C3: Configuración unidad | E3: Distribución | F3: =IF(E3="Distribución",5,IF(E3="instalación",4,IF(E3="equipamiento",3,IF(E3="suelo",3,IF(E3="hueco",4,IF(E3="techo",2,IF(E3="puerta",2,IF(E3="pared",2,IF(E3="mobiliario",1,IF(E3="señalética",1,IF(E3="arte",1,0))))))))))) -> 5 | G3: La estructura de las distintas unidades de hospitalización es similar para facilitar la flexibilidad y legibilidad al personal de enfermería. | H3: 0 | I3: 1 | J3: 0 | K3: 1 | L3: Unidad de enfermería en hospitalización polivalente de agudos, in Estándares y recomendaciones, e.e.i. Informes, Editor. 2009, Ministerio de Sanidad y Política Social. | M3: 1 | N3: sí
A4: =A3+1 -> 3 | C4: Configuración unidad | E4: Distribución | F4: =IF(E4="Distribución",5,IF(E4="instalación",4,IF(E4="equipamiento",3,IF(E4="suelo",3,IF(E4="hueco",4,IF(E4="techo",2,IF(E4="puerta",2,IF(E4="pared",2,IF(E4="mobiliario",1,IF(E4="señalética",1,IF(E4="arte",1,0))))))))))) -> 5 | G4: (Ubicada en zona tranquila, lejos de fuentes de ruido como rutas de tráfico intenso, acceso de urgencias o plantas de ventilación)¹ (también para que el mantenimiento no afecte al funcionamiento de la unidad)² | H4: 0 | I4: 0 | J4: 1 | K4: 1 | L4: 1. Alliance, A.H.I., Part B - Health Facility Briefing and Planning 0340 - Inpatient Accommodation Unit, in Australasian Health Facility Guidelines. 2016 2. Autores CURARQ | M4: 1 | N4: sí
A5: =A4+1 -> 4 | C5: Configuración unidad | E5: Distribución | F5: =IF(E5="Distribución",5,IF(E5="instalación",4,IF(E5="equipamiento",3,IF(E5="suelo",3,IF(E5="hueco",4,IF(E5="techo",2,IF(E5="puerta",2,IF(E5="pared",2,IF(E5="mobiliario",1,IF(E5="señalética",1,IF(E5="arte",1,0))))))))))) -> 5 | G5: Cercana al bloque obstétrico. Cercana a la unidad de neonatología. | H5: 1 | I5: 1 | J5: 0 | K5: 0 | L5: Social, M.d.S.y.P., Maternidad Hospitalaria Estándares y Recomendaciones. 2009: Madrid Guidelines, A.H.F., Part B - Health Facility Briefing and Planning HPU 510 – Maternity Unit. 2017. | M5: 1 | N5: sí
A6: =A5+1 -> 5 | C6: Configuración unidad | E6: Distribución | F6: =IF(E6="Distribución",5,IF(E6="instalación",4,IF(E6="equipamiento",3,IF(E6="suelo",3,IF(E6="hueco",4,IF(E6="techo",2,IF(E6="puerta",2,IF(E6="pared",2,IF(E6="mobiliario",1,IF(E6="señalética",1,IF(E6="arte",1,0))))))))))) -> 5 | G6: Existen dos tipos de accesos a la unidad: uno externo para visitas de familiares y acompañantes y otro interno para pacientes encamados, personal, suministros y servicios de soporte. | H6: 1 | I6: 1 | J6: 1 | K6: 0 | L6: Unidad de enfermería en hospitalización polivalente de agudos, in Estándares y recomendaciones, e.e.i. Informes, Editor. 2009, Ministerio de Sanidad y Política Social | M6: 1 | N6: sí
A7: =A6+1 -> 6 | C7: Configuración unidad | E7: Distribución | F7: =IF(E7="Distribución",5,IF(E7="instalación",4,IF(E7="equipamiento",3,IF(E7="suelo",3,IF(E7="hueco",4,IF(E7="techo",2,IF(E7="puerta",2,IF(E7="pared",2,IF(E7="mobiliario",1,IF(E7="señalética",1,IF(E7="arte",1,0))))))))))) -> 5 | G7: La planta con unidades de hospitalización está compartimentada en al menos dos sectores de incendios. Cada sector de incendios tiene una superficie construida inferior a los 1500 m2 y tiene espacio suficiente para albergar a los pacientes de uno de los sectores contiguos. Se exceptúa de lo anterior aquellas plantas cuya superficie construida no exceda de 1500 m2, que tenga salidas directas al espacio exterior seguro y cuyos recorridos de evacuación hasta ellas no exceda de 25 m. Cada sector de incendios dispone de más de una salida de planta y tiene una longitud máxima de recorrido de evacuación hasta alguna salida de planta de 30 m. La longitud de los recorridos de evacuación desde su origen hasta llegar a algún punto desde el cual existan al menos dos recorridos alternativos no excede los 15 m. | H7: 1 | I7: 0 | J7: 0 | K7: 1 | L7: España, M.d.F.G.d., Seguridad en caso de incendio DB-SI, in Documento Básico. 2006. | M7: 1 | N7: n.a. | O7: Ítem posterior a la evaluación.
A8: =A7+1 -> 7 | C8: Configuración unidad | E8: Instalación | F8: =IF(E8="Distribución",5,IF(E8="instalación",4,IF(E8="equipamiento",3,IF(E8="suelo",3,IF(E8="hueco",4,IF(E8="techo",2,IF(E8="puerta",2,IF(E8="pared",2,IF(E8="mobiliario",1,IF(E8="señalética",1,IF(E8="arte",1,0))))))))))) -> 4 | G8: El olor en general es fresco. No se producen olores fuertes ni desagradable debido por ejemplo a los productos de limpieza , los residuos, la falta de ventilación o la comida. | H8: 0 | I8: 0 | J8: 1 | K8: 1 | L8: Patient-Led Assessments of the Care Environment. Communal Areas. 2015, NHS England. | M8: 1 | N8: sí
A9: =A8+1 -> 8 | C9: Configuración unidad | E9: Señalética | F9: =IF(E9="Distribución",5,IF(E9="instalación",4,IF(E9="equipamiento",3,IF(E9="suelo",3,IF(E9="hueco",4,IF(E9="techo",2,IF(E9="puerta",2,IF(E9="pared",2,IF(E9="mobiliario",1,IF(E9="señalética",1,IF(E9="arte",1,0))))))))))) -> 1 | G9: Su ubicación es estratégica para facilitar la orientación en puntos de intersección de la unidad. Existe consistencia entre las señales de la unidad y su diseño es apropiado. Se acompañan con flechas que facilitan la orientación en el edificio. Su color contrasta con el de las superficies adyacentes. | H9: 0 | I9: 1 | J9: 1 | K9: 0 | L9: 1. HBN 08-02-1 Dementia-friendly Health and Social Care Environments. 2015, Department of Health UK 2. Wayfinding: Effective wayfinding and signing systems Guidance for healthcare facilities 2nd edition. 2005, NHS Estates. | M9: 1 | N9: sí
A10: =A9+1 -> 9 | C10: Configuración unidad | E10: Señalética | F10: =IF(E10="Distribución",5,IF(E10="instalación",4,IF(E10="equipamiento",3,IF(E10="suelo",3,IF(E10="hueco",4,IF(E10="techo",2,IF(E10="puerta",2,IF(E10="pared",2,IF(E10="mobiliario",1,IF(E10="señalética",1,IF(E10="arte",1,0))))))))))) -> 1 | G10: La tipografía es sencilla y clara, el tamaño de la fuente es suficientemente grande y se utilizan mayúsculas y minúsculas. El lenguaje utilizado es fácilmente entendible, no se utilizan abreviaturas y los idiomas utilizados son los adecuados para el hospital. La señalética está actualizada y en buen estado de mantenimiento. | H10: 0 | I10: 1 | J10: 1 | K10: 1 | L10: 1. HBN 08-02-1 Dementia-friendly Health and Social Care Environments. 2015, Department of Health UK 2. Wayfinding: Effective wayfinding and signing systems Guidance for healthcare facilities 2nd edition. 2005, NHS Estates. | M10: 1 | N10: no | O10: Letra demasiado pequeña y con poco contraste (color gris sobre fondo de acero inoxidable).
A11: =A10+1 -> 10 | C11: Configuración unidad | E11: Arte | F11: =IF(E11="Distribución",5,IF(E11="instalación",4,IF(E11="equipamiento",3,IF(E11="suelo",3,IF(E11="hueco",4,IF(E11="techo",2,IF(E11="puerta",2,IF(E11="pared",2,IF(E11="mobiliario",1,IF(E11="señalética",1,IF(E11="arte",1,0))))))))))) -> 1 | G11: Existen espacios habilitados para la exposición de arte. Se muestran piezas de arte que producen emociones positivas con motivos naturales, locales o de interés para las personas usuarias del espacio. Se colocan en puntos estratégicos para favorecer la orientación en la unidad como zonas muy visibles, con iluminación adecuada y su color contrasta con el del fondo. | H11: 0 | I11: 1 | J11: 1 | K11: 0 | L11: HBN 08-02-1 Dementia-friendly Health and Social Care Environments. 2015, Department of Health UK. | M11: 1 | N11: no | O11: No cumple.
A12: 1 | C12: Circulación | D12: Pasillo | E12: Distribución | F12: =IF(E12="Distribución",5,IF(E12="instalación",4,IF(E12="equipamiento",3,IF(E12="suelo",3,IF(E12="hueco",4,IF(E12="techo",2,IF(E12="puerta",2,IF(E12="pared",2,IF(E12="mobiliario",1,IF(E12="señalética",1,IF(E12="arte",1,0))))))))))) -> 5 | G12: Ancho mínimo de pasillo de 2,20 m para permitir el cruce de dos camas y el giro de la cama para el acceso a la habitación de pacientes. | H12: 1 | I12: 1 | J12: 0 | K12: 1 | L12: Unidad de enfermería en hospitalización polivalente de agudos, in Estándares y recomendaciones, e.e.i. Informes, Editor. 2009, Ministerio de Sanidad y Política Social. | M12: 1 | N12: sí | O12: Datos de hospitalización polivalente porque eran iguales. Tiene 2,6 m.
A13: =A12+1 -> 2 | C13: Circulación | D13: Pasillo | E13: Distribución | F13: =IF(E13="Distribución",5,IF(E13="instalación",4,IF(E13="equipamiento",3,IF(E13="suelo",3,IF(E13="hueco",4,IF(E13="techo",2,IF(E13="puerta",2,IF(E13="pared",2,IF(E13="mobiliario",1,IF(E13="señalética",1,IF(E13="arte",1,0))))))))))) -> 5 | G13: Existe un umbral de acceso a la habitación (ensanchamiento del pasillo). Este espacio facilita el giro de las camas en los movimientos de entrada y salida de la habitación, permite que la puerta abra hacia afuera, da más intimidad a la habitación y facilita que los familiares puedan esperar sin interrumpir el paso en el pasillo. | H13: 0 | I13: 1 | J13: 1 | K13: 0 | L13: 1. Unidad de enfermería en hospitalización polivalente de agudos, in Estándares y recomendaciones, e.e.i. Informes, Editor. 2009, Ministerio de Sanidad y Política Social. 2. Autores CURARQ | M13: 1 | N13: no | O13: Las puertas están enrasadas a la pared del pasillo.
A14: =A13+1 -> 3 | C14: Circulación | D14: Pasillo | E14: Distribución | F14: =IF(E14="Distribución",5,IF(E14="instalación",4,IF(E14="equipamiento",3,IF(E14="suelo",3,IF(E14="hueco",4,IF(E14="techo",2,IF(E14="puerta",2,IF(E14="pared",2,IF(E14="mobiliario",1,IF(E14="señalética",1,IF(E14="arte",1,0))))))))))) -> 5 | G14: (Existen puntos de referencia, hitos o puntos clave visibles y reconocibles para ayudar a la orientación. Las rutas de circulación están bien definidas y se evitan los cambios de dirección)¹. (Para evitar la monotonía, los pasillos incluyen cambios en su trazado como zonas de espera o vestíbulos)². | H14: 0 | I14: 1 | J14: 1 | K14: 0 | L14: 1. HBN 08-02-1 Dementia-friendly Health and Social Care Environments. 2015, Department of Health UK. 2. Autores CURARQ | M14: 1 | N14: sí
A15: =A14+1 -> 4 | C15: Circulación | D15: Pasillo | E15: Distribución | F15: =IF(E15="Distribución",5,IF(E15="instalación",4,IF(E15="equipamiento",3,IF(E15="suelo",3,IF(E15="hueco",4,IF(E15="techo",2,IF(E15="puerta",2,IF(E15="pared",2,IF(E15="mobiliario",1,IF(E15="señalética",1,IF(E15="arte",1,0))))))))))) -> 5 | G15: Las paredes carecen de elementos salientes que no arranquen del suelo, que vuelen más de 15 cm en la zona de altura comprendida entre 15 cm y 2,20 m medida a partir del suelo y que presenten riesgo de impacto. Los elementos volados cuya altura sea menor que 2 m, tales como mesetas o tramos de escalera, de rampas, etc., disponen de elementos fijos que restrinjan el acceso hasta ellos y permitirán su detección por los bastones de personas con discapacidad visual. | H15: 1 | I15: 1 | J15: 0 | K15: 0 | L15: Ministerio de Fomento Secretaría de Estado de Infraestructuras, T.y.V.D.G.d.A., Vivienda y Suelo, Seguridad de utilización y accesibilidad SUA, in Documento Básico. 2015. | M15: 1 | N15: sí
A16: =A15+1 -> 5 | C16: Circulación | D16: Pasillo | E16: Hueco | F16: =IF(E16="Distribución",5,IF(E16="instalación",4,IF(E16="equipamiento",3,IF(E16="suelo",3,IF(E16="hueco",4,IF(E16="techo",2,IF(E16="puerta",2,IF(E16="pared",2,IF(E16="mobiliario",1,IF(E16="señalética",1,IF(E16="arte",1,0))))))))))) -> 4 | G16: Dispone de referencias puntuales de luz natural. | H16: 0 | I16: 1 | J16: 1 | K16: 0 | L16: Unidad de enfermería en hospitalización polivalente de agudos, in Estándares y recomendaciones, e.e.i. Informes, Editor. 2009, Ministerio de Sanidad y Política Social. | M16: 1 | N16: no | O16: No cumple.
A17: =A16+1 -> 6 | C17: Circulación | D17: Pasillo | E17: Instalación | F17: =IF(E17="Distribución",5,IF(E17="instalación",4,IF(E17="equipamiento",3,IF(E17="suelo",3,IF(E17="hueco",4,IF(E17="techo",2,IF(E17="puerta",2,IF(E17="pared",2,IF(E17="mobiliario",1,IF(E17="señalética",1,IF(E17="arte",1,0))))))))))) -> 4 | G17: Ventilado mecánicamente. | H17: 0 | I17: 0 | J17: 0 | K17: 1 | L17: Reglamento de instalaciones térmicas en los edificios (RITE), BOE-A-2007-15820, Editor. 2007, Ministerio de la Presidencia. | M17: 1 | N17: sí
A18: =A17+1 -> 7 | C18: Circulación | D18: Pasillo | E18: Instalación | F18: =IF(E18="Distribución",5,IF(E18="instalación",4,IF(E18="equipamiento",3,IF(E18="suelo",3,IF(E18="hueco",4,IF(E18="techo",2,IF(E18="puerta",2,IF(E18="pared",2,IF(E18="mobiliario",1,IF(E18="señalética",1,IF(E18="arte",1,0))))))))))) -> 4 | G18: La temperatura oscila entre los 20 y los 26 ºC. | H18: 1 | I18: 1 | J18: 0 | K18: 0 | L18: Autores CURARQ | M18: 1 | N18: sí
A19: =A18+1 -> 8 | C19: Circulación | D19: Pasillo | E19: Equipamiento | F19: =IF(E19="Distribución",5,IF(E19="instalación",4,IF(E19="equipamiento",3,IF(E19="suelo",3,IF(E19="hueco",4,IF(E19="techo",2,IF(E19="puerta",2,IF(E19="pared",2,IF(E19="mobiliario",1,IF(E19="señalética",1,IF(E19="arte",1,0))))))))))) -> 3 | G19: El nivel de iluminación mínimo a la altura del suelo es de 200 lux durante el día. | H19: 0 | I19: 1 | J19: 1 | K19: 0 | L19: (CIBSE), C.I.o.B.S.E. and T.S.o.L.a. Lighting, Lighting Guide 2: Hospitals and health care buildings. 2008. | M19: 1 | N19: sí
A20: =A19+1 -> 9 | C20: Circulación | D20: Pasillo | E20: Suelo | F20: =IF(E20="Distribución",5,IF(E20="instalación",4,IF(E20="equipamiento",3,IF(E20="suelo",3,IF(E20="hueco",4,IF(E20="techo",2,IF(E20="puerta",2,IF(E20="pared",2,IF(E20="mobiliario",1,IF(E20="señalética",1,IF(E20="arte",1,0))))))))))) -> 3 | G20: El suelo es continuo, las juntas están selladas y no hay cambios de nivel. | H20: 1 | I20: 1 | J20: 0 | K20: 1 | L20: Autores CURARQ | M20: 1 | N20: sí
A21: =A20+1 -> 10 | C21: Circulación | D21: Pasillo | E21: Suelo | F21: =IF(E21="Distribución",5,IF(E21="instalación",4,IF(E21="equipamiento",3,IF(E21="suelo",3,IF(E21="hueco",4,IF(E21="techo",2,IF(E21="puerta",2,IF(E21="pared",2,IF(E21="mobiliario",1,IF(E21="señalética",1,IF(E21="arte",1,0))))))))))) -> 3 | G21: Resistente a un uso intensivo. Liso, fácil de limpiar y sin apariencia clínica. | H21: 0 | I21: 0 | J21: 1 | K21: 1 | L21: Unidad de cuidados intensivos, in Estándares y recomendaciones, e.e.i. Informes, Editor. 2010, Ministerio de Sanidad y Política Social. | M21: 1 | N21: sí
A22: =A21+1 -> 11 | C22: Circulación | D22: Pasillo | E22: Suelo | F22: =IF(E22="Distribución",5,IF(E22="instalación",4,IF(E22="equipamiento",3,IF(E22="suelo",3,IF(E22="hueco",4,IF(E22="techo",2,IF(E22="puerta",2,IF(E22="pared",2,IF(E22="mobiliario",1,IF(E22="señalética",1,IF(E22="arte",1,0))))))))))) -> 3 | G22: (Sin estampados o texturas que puedan provocar una sobreestimulación no deseada)¹. (No brillante y su color contrasta con el de las paredes)². | H22: 0 | I22: 0 | J22: 1 | K22: 0 | L22: 1. HBN 08-02-1 Dementia-friendly Health and Social Care Environments. 2015, Department of Health UK 2. Patient-Led Assessments of the Care Environment. The Ward Assessment - Acute and Community Hospitals, Hospices and Treatment Centres. 2015, NHS England. | M22: 1 | N22: sí
A23: =A22+1 -> 12 | C23: Circulación | D23: Pasillo | E23: Techo | F23: =IF(E23="Distribución",5,IF(E23="instalación",4,IF(E23="equipamiento",3,IF(E23="suelo",3,IF(E23="hueco",4,IF(E23="techo",2,IF(E23="puerta",2,IF(E23="pared",2,IF(E23="mobiliario",1,IF(E23="señalética",1,IF(E23="arte",1,0))))))))))) -> 2 | G23: (Sin iluminación artificial directa y uniforme ya que puede crear un efecto estroboscópico en los pacientes que circulan en silla de ruedas o camas. Se utiliza luz difusa y reflejada)¹. (El falso techo se encuentra en buen estado)². | H23: 0 | I23: 0 | J23: 1 | K23: 1 | L23: 1. Friendly healthcare environments for children and young people. 2004, NHS Estates. 2. Patient-Led Assessments of the Care Environment. The Ward Assessment - Acute and Community Hospitals, Hospices and Treatment Centres. 2015, NHS England. | M23: 1 | N23: no | O23: Fluorescentes con difusor para posición vertical (tipo oficina antigua).
A24: 13 | C24: Circulación | D24: Pasillo | E24: Pared | F24: =IF(E24="Distribución",5,IF(E24="instalación",4,IF(E24="equipamiento",3,IF(E24="suelo",3,IF(E24="hueco",4,IF(E24="techo",2,IF(E24="puerta",2,IF(E24="pared",2,IF(E24="mobiliario",1,IF(E24="señalética",1,IF(E24="arte",1,0))))))))))) -> 2 | G24: Las paredes se pueden lavar con agua, son durables, resistentes al impacto de carros y equipos móviles. (Las zonas más propensas al choque de carros y equipos móviles están reforzadas para resistir los impactos. Protecciones de esquinas y paredes)¹. (Las protecciones no sobresalen ni suponen un riesgo)4. (La pintura está en buen estado de conservación, sin marcas como ralladuras o arañazos ni otros desperfectos)³. | H24: 1 | I24: 0 | J24: 0 | K24: 1 | L24: 1. Unidad de enfermería en hospitalización polivalente de agudos, in Estándares y recomendaciones, e.e.i. Informes, Editor. 2009, Ministerio de Sanidad y Política Social 2. Health, N.E.a.E.A.o.t.D.o., HBN 23 Hospital accommodation for children and young people. 2004 3. Patient-Led Assessments of the Care Environment. The Ward Assessment - Acute and Community Hospitals, Hospices and Treatment Centres. 2015, NHS England. 4. Autores CURARQ | M24: 1 | N24: no | O24: No hay protecciones de paredes, solamente de esquinas y el rodapié es muy bajo.
A25: 14 | C25: Circulación | D25: Pasillo | E25: Pared | F25: =IF(E25="Distribución",5,IF(E25="instalación",4,IF(E25="equipamiento",3,IF(E25="suelo",3,IF(E25="hueco",4,IF(E25="techo",2,IF(E25="puerta",2,IF(E25="pared",2,IF(E25="mobiliario",1,IF(E25="señalética",1,IF(E25="arte",1,0))))))))))) -> 2 | G25: El blanco es el color base de la unidad. Sin estampados que provoquen una sobreestimulación no deseada. No brillante y con alto contraste. Su color contrasta con el del suelo. | H25: 0 | I25: 0 | J25: 1 | K25: 0 | L25: HBN 08-02-1 Dementia-friendly Health and Social Care Environments. 2015, Department of Health UK. | M25: 1 | N25: sí
A26: =A25+1 -> 15 | C26: Circulación | D26: Pasillo | E26: Pared | F26: =IF(E26="Distribución",5,IF(E26="instalación",4,IF(E26="equipamiento",3,IF(E26="suelo",3,IF(E26="hueco",4,IF(E26="techo",2,IF(E26="puerta",2,IF(E26="pared",2,IF(E26="mobiliario",1,IF(E26="señalética",1,IF(E26="arte",1,0))))))))))) -> 2 | G26: Pasamanos a ambos lados. Su color contrasta con el de la pared. | H26: 1 | I26: 0 | J26: 0 | K26: 0 | L26: HBN 08-02-1 Dementia-friendly Health and Social Care Environments. 2015, Department of Health UK. | M26: 1 | N26: no | O26: No hay pasamanos a ningún lado de la pared.
A27: =A26+1 -> 16 | C27: Circulación | D27: Pasillo | E27: Pared | F27: =IF(E27="Distribución",5,IF(E27="instalación",4,IF(E27="equipamiento",3,IF(E27="suelo",3,IF(E27="hueco",4,IF(E27="techo",2,IF(E27="puerta",2,IF(E27="pared",2,IF(E27="mobiliario",1,IF(E27="señalética",1,IF(E27="arte",1,0))))))))))) -> 2 | G27: El rodapié contrasta con el color del suelo y la pared para diferenciar mejor los elementos. | H27: 1 | I27: 0 | J27: 0 | K27: 0 | L27: HBN 08-02-1 Dementia-friendly Health and Social Care Environments. 2015, Department of Health UK. | M27: 1 | N27: no | O27: Es de color blanco, como la pared.
A28: =A27+1 -> 17 | C28: Circulación | D28: Pasillo | E28: Puerta | F28: =IF(E28="Distribución",5,IF(E28="instalación",4,IF(E28="equipamiento",3,IF(E28="suelo",3,IF(E28="hueco",4,IF(E28="techo",2,IF(E28="puerta",2,IF(E28="pared",2,IF(E28="mobiliario",1,IF(E28="señalética",1,IF(E28="arte",1,0))))))))))) -> 2 | G28: Las puertas de sectorización de incendios disponen de retenedores y quedan en el interior del plano de los paramentos de forma que no disminuye el ancho útil del pasillo. | H28: 1 | I28: 0 | J28: 0 | K28: 1 | L28: Unidad de enfermería en hospitalización polivalente de agudos, in Estándares y recomendaciones, e.e.i. Informes, Editor. 2009, Ministerio de Sanidad y Política Social. | M28: 1 | N28: no | O28: Dispone de retenedores pero no quedan en el interior del plano del paramento.
A29: 1 | C29: Acceso | D29: Entrada y vestíbulo | E29: Distribución | F29: =IF(E29="Distribución",5,IF(E29="instalación",4,IF(E29="equipamiento",3,IF(E29="suelo",3,IF(E29="hueco",4,IF(E29="techo",2,IF(E29="puerta",2,IF(E29="pared",2,IF(E29="mobiliario",1,IF(E29="señalética",1,IF(E29="arte",1,0))))))))))) -> 5 | G29: (Superficie útil en torno a 20 m². Espacio diáfano asociado a la circulación externa situado en la zona próxima al control de enfermería para que el personal pueda controlar el acceso a la unidad)¹. (El acceso público se produce por solo un punto. Fácil acceso desde la entrada general de hospitalización del edificio)². | H29: 0 | I29: 0 | J29: 1 | K29: 1 | L29: 1. Unidad de enfermería en hospitalización polivalente de agudos, in Estándares y recomendaciones, e.e.i. Informes, Editor. 2009, Ministerio de Sanidad y Política Social 2. Alliance, A.H.I., Part B - Health Facility Briefing and Planning 0340 - Inpatient Accommodation Unit, in Australasian Health Facility Guidelines. 2016 | M29: 1 | N29: no | O29: Datos de hospitalización polivalente porque eran iguales. Su superficie es inferior, en torno a los 7 m².
A30: =A29+1 -> 2 | C30: Acceso | D30: Entrada y vestíbulo | E30: Instalación | F30: =IF(E30="Distribución",5,IF(E30="instalación",4,IF(E30="equipamiento",3,IF(E30="suelo",3,IF(E30="hueco",4,IF(E30="techo",2,IF(E30="puerta",2,IF(E30="pared",2,IF(E30="mobiliario",1,IF(E30="señalética",1,IF(E30="arte",1,0))))))))))) -> 4 | G30: Ventilado mecánicamente. | H30: 0 | I30: 0 | J30: 0 | K30: 1 | L30: Reglamento de instalaciones térmicas en los edificios (RITE), BOE-A-2007-15820, Editor. 2007, Ministerio de la Presidencia. | M30: 1 | N30: sí
A31: =A30+1 -> 3 | C31: Acceso | D31: Entrada y vestíbulo | E31: Instalación | F31: =IF(E31="Distribución",5,IF(E31="instalación",4,IF(E31="equipamiento",3,IF(E31="suelo",3,IF(E31="hueco",4,IF(E31="techo",2,IF(E31="puerta",2,IF(E31="pared",2,IF(E31="mobiliario",1,IF(E31="señalética",1,IF(E31="arte",1,0))))))))))) -> 4 | G31: Protegido con sistema de seguridad, especialmente por la noche (tarjeta, CCTV, interfono u otro). | H31: 0 | I31: 1 | J31: 0 | K31: 1 | L31: Alliance, A.H.I., Part B - Health Facility Briefing and Planning 0340 - Inpatient Accommodation Unit, in Australasian Health Facility Guidelines. 2016 | M31: 1 | N31: no | O31: No tiene ningún sistema de seguridad.
A32: =A31+1 -> 4 | C32: Acceso | D32: Entrada y vestíbulo | E32: Señalética | F32: =IF(E32="Distribución",5,IF(E32="instalación",4,IF(E32="equipamiento",3,IF(E32="suelo",3,IF(E32="hueco",4,IF(E32="techo",2,IF(E32="puerta",2,IF(E32="pared",2,IF(E32="mobiliario",1,IF(E32="señalética",1,IF(E32="arte",1,0))))))))))) -> 1 | G32: Señal de dirección desde el punto de acceso a planta y señal de localización para identificar la unidad. Directorio a la salida del ascensor. | H32: 0 | I32: 1 | J32: 1 | K32: 0 | L32: Wayfinding: Effective wayfinding and signing systems Guidance for healthcare facilities 2nd edition. 2005, NHS Estates. | M32: 1 | N32: no | O32: No hay señal de localización ni directorio.
A33: =A32+1 -> 5 | C33: Acceso | D33: Estar de familiares | E33: Distribución | F33: =IF(E33="Distribución",5,IF(E33="instalación",4,IF(E33="equipamiento",3,IF(E33="suelo",3,IF(E33="hueco",4,IF(E33="techo",2,IF(E33="puerta",2,IF(E33="pared",2,IF(E33="mobiliario",1,IF(E33="señalética",1,IF(E33="arte",1,0))))))))))) -> 5 | G33: (Superficie útil en torno a 30 m². Si aproximadamente el 50 % de las habitaciones de pacientes son de uso individual, puede compartirse con pacientes ingresados. Acceso desde el vestíbulo de entrada)¹. (Cercano al mostrador)². | H33: 0 | I33: 0 | J33: 1 | K33: 0 | L33: 1. Unidad de enfermería en hospitalización polivalente de agudos, in Estándares y recomendaciones, e.e.i. Informes, Editor. 2009, Ministerio de Sanidad y Política Social. 2. HBN 04-01 Adult in-patient facilities. 2013, Department of Health. | M33: 1 | N33: no | O33: Datos de hospitalización polivalente porque eran iguales. Su superficie es inferior, en torno a los 16 m².
A34: =A33+1 -> 6 | C34: Acceso | D34: Estar de familiares | E34: Hueco | F34: =IF(E34="Distribución",5,IF(E34="instalación",4,IF(E34="equipamiento",3,IF(E34="suelo",3,IF(E34="hueco",4,IF(E34="techo",2,IF(E34="puerta",2,IF(E34="pared",2,IF(E34="mobiliario",1,IF(E34="señalética",1,IF(E34="arte",1,0))))))))))) -> 4 | G34: Iluminación natural. | H34: 0 | I34: 0 | J34: 1 | K34: 0 | L34: Unidad de enfermería en hospitalización polivalente de agudos, in Estándares y recomendaciones, e.e.i. Informes, Editor. 2009, Ministerio de Sanidad y Política Social. | M34: 1 | N34: sí
A35: =A34+1 -> 7 | C35: Acceso | D35: Estar de familiares | E35: Instalación | F35: =IF(E35="Distribución",5,IF(E35="instalación",4,IF(E35="equipamiento",3,IF(E35="suelo",3,IF(E35="hueco",4,IF(E35="techo",2,IF(E35="puerta",2,IF(E35="pared",2,IF(E35="mobiliario",1,IF(E35="señalética",1,IF(E35="arte",1,0))))))))))) -> 4 | G35: Ventilado mecánicamente. | H35: 0 | I35: 0 | J35: 0 | K35: 1 | L35: Reglamento de instalaciones térmicas en los edificios (RITE), BOE-A-2007-15820, Editor. 2007, Ministerio de la Presidencia. | M35: 1 | N35: sí
A36: =A35+1 -> 8 | C36: Acceso | D36: Estar de familiares | E36: Equipamiento | F36: =IF(E36="Distribución",5,IF(E36="instalación",4,IF(E36="equipamiento",3,IF(E36="suelo",3,IF(E36="hueco",4,IF(E36="techo",2,IF(E36="puerta",2,IF(E36="pared",2,IF(E36="mobiliario",1,IF(E36="señalética",1,IF(E36="arte",1,0))))))))))) -> 3 | G36: Tomas eléctricas y wifi. | H36: 0 | I36: 0 | J36: 1 | K36: 0 | L36: Autores CURARQ | M36: 1 | N36: sí
A37: =A36+1 -> 9 | C37: Acceso | D37: Estar de familiares | E37: Equipamiento | F37: =IF(E37="Distribución",5,IF(E37="instalación",4,IF(E37="equipamiento",3,IF(E37="suelo",3,IF(E37="hueco",4,IF(E37="techo",2,IF(E37="puerta",2,IF(E37="pared",2,IF(E37="mobiliario",1,IF(E37="señalética",1,IF(E37="arte",1,0))))))))))) -> 3 | G37: (Fuente de agua fría y máquinas expendedoras de bebidas)¹ (y comida saludable)². | H37: 0 | I37: 0 | J37: 1 | K37: 0 | L37: 1. Unidad de enfermería en hospitalización polivalente de agudos, in Estándares y recomendaciones, e.e.i. Informes, Editor. 2009, Ministerio de Sanidad y Política Social. 2. Autores CURARQ | M37: 1 | N37: no | O37: Hay máquinas expendedoras de bebidas y comida saludable y no saludable junto a las escaleras. No hay fuente de agua fría.
A38: =A37+1 -> 10 | C38: Acceso | D38: Estar de familiares | E38: Mobiliario | F38: =IF(E38="Distribución",5,IF(E38="instalación",4,IF(E38="equipamiento",3,IF(E38="suelo",3,IF(E38="hueco",4,IF(E38="techo",2,IF(E38="puerta",2,IF(E38="pared",2,IF(E38="mobiliario",1,IF(E38="señalética",1,IF(E38="arte",1,0))))))))))) -> 1 | G38: (Sillas sin ruedas)¹. (Los asientos se encuentran en buen estado, sin marcas, ralladuras u otros desperfectos)². (Los usuarios con sillas de ruedas se pueden integrar en la distribución de los asientos de la sala)³. (Mesas de estar, papelera y arte)¹. | H38: 0 | I38: 0 | J38: 1 | K38: 1 | L38: 1. Unidad de enfermería en hospitalización polivalente de agudos, in Estándares y recomendaciones, e.e.i. Informes, Editor. 2009, Ministerio de Sanidad y Política Social 2. Patient-Led Assessments of the Care Environment. The Ward Assessment - Acute and Community Hospitals, Hospices and Treatment Centres. 2015, NHS England 3. Lewis, A., EVOLVE: a tool for evaluating the design of older people´s housing. Housing, Care and Support, 2010. | M38: 1 | N38: no | O38: Sin mesas ni papelera.
A39: =A38+1 -> 11 | C39: Acceso | D39: Despacho información | E39: Distribución | F39: =IF(E39="Distribución",5,IF(E39="instalación",4,IF(E39="equipamiento",3,IF(E39="suelo",3,IF(E39="hueco",4,IF(E39="techo",2,IF(E39="puerta",2,IF(E39="pared",2,IF(E39="mobiliario",1,IF(E39="señalética",1,IF(E39="arte",1,0))))))))))) -> 5 | G39: Superficie útil en torno a 12 m². | H39: 0 | I39: 1 | J39: 1 | K39: 0 | L39: Unidad de enfermería en hospitalización polivalente de agudos, in Estándares y recomendaciones, e.e.i. Informes, Editor. 2009, Ministerio de Sanidad y Política Social. | M39: 1 | N39: no | O39: La unidad no tiene este local.
A40: =A39+1 -> 12 | C40: Acceso | D40: Despacho información | E40: Distribución | F40: =IF(E40="Distribución",5,IF(E40="instalación",4,IF(E40="equipamiento",3,IF(E40="suelo",3,IF(E40="hueco",4,IF(E40="techo",2,IF(E40="puerta",2,IF(E40="pared",2,IF(E40="mobiliario",1,IF(E40="señalética",1,IF(E40="arte",1,0))))))))))) -> 5 | G40: Condiciones de privacidad adecuada. Ambiente cálido y residencial. | H40: 0 | I40: 0 | J40: 1 | K40: 0 | L40: Unidad de enfermería en hospitalización polivalente de agudos, in Estándares y recomendaciones, e.e.i. Informes, Editor. 2009, Ministerio de Sanidad y Política Social. | M40: 1 | N40: no | O40: No cumple.
A41: =A40+1 -> 13 | C41: Acceso | D41: Despacho información | E41: Instalación | F41: =IF(E41="Distribución",5,IF(E41="instalación",4,IF(E41="equipamiento",3,IF(E41="suelo",3,IF(E41="hueco",4,IF(E41="techo",2,IF(E41="puerta",2,IF(E41="pared",2,IF(E41="mobiliario",1,IF(E41="señalética",1,IF(E41="arte",1,0))))))))))) -> 4 | G41: Ventilado mecánicamente. | H41: 0 | I41: 0 | J41: 0 | K41: 1 | L41: Reglamento de instalaciones térmicas en los edificios (RITE), BOE-A-2007-15820, Editor. 2007, Ministerio de la Presidencia. | M41: 1 | N41: no | O41: No cumple.
A42: =A41+1 -> 14 | C42: Acceso | D42: Despacho información | E42: Instalación | F42: =IF(E42="Distribución",5,IF(E42="instalación",4,IF(E42="equipamiento",3,IF(E42="suelo",3,IF(E42="hueco",4,IF(E42="techo",2,IF(E42="puerta",2,IF(E42="pared",2,IF(E42="mobiliario",1,IF(E42="señalética",1,IF(E42="arte",1,0))))))))))) -> 4 | G42: Conexiones eléctricas, de transmisiones y comunicaciones. | H42: 0 | I42: 1 | J42: 0 | K42: 0 | L42: Autores CURARQ | M42: 1 | N42: no | O42: No cumple.
A43: =A42+1 -> 15 | C43: Acceso | D43: Despacho información | E43: Mobiliario | F43: =IF(E43="Distribución",5,IF(E43="instalación",4,IF(E43="equipamiento",3,IF(E43="suelo",3,IF(E43="hueco",4,IF(E43="techo",2,IF(E43="puerta",2,IF(E43="pared",2,IF(E43="mobiliario",1,IF(E43="señalética",1,IF(E43="arte",1,0))))))))))) -> 1 | G43: Mesa de trabajo, sillas y sillón ergonómico. | H43: 0 | I43: 1 | J43: 0 | K43: 0 | L43: Unidad de enfermería en hospitalización polivalente de agudos, in Estándares y recomendaciones, e.e.i. Informes, Editor. 2009, Ministerio de Sanidad y Política Social. | M43: 1 | N43: no | O43: No cumple.
A44: =A43+1 -> 16 | C44: Acceso | D44: Aseo público | E44: Distribución | F44: =IF(E44="Distribución",5,IF(E44="instalación",4,IF(E44="equipamiento",3,IF(E44="suelo",3,IF(E44="hueco",4,IF(E44="techo",2,IF(E44="puerta",2,IF(E44="pared",2,IF(E44="mobiliario",1,IF(E44="señalética",1,IF(E44="arte",1,0))))))))))) -> 5 | G44: (Superficie útil en torno a 4 m² por aseo)¹. (Exclusivos para cada sexo)². (Mínimo de dos)¹. | H44: 0 | I44: 0 | J44: 1 | K44: 0 | L44: 1. Unidad de enfermería en hospitalización polivalente de agudos, in Estándares y recomendaciones, e.e.i. Informes, Editor. 2009, Ministerio de Sanidad y Política Social. 2. Patient-Led Assessments of the Care Environment. The Ward Assessment - Acute and Community Hospitals, Hospices and Treatment Centres. 2015, NHS England. | M44: 1 | N44: no | O44: Datos de hospitalización polivalente porque eran iguales. Solamente hay uno.
A45: =A44+1 -> 17 | C45: Acceso | D45: Aseo público | E45: Distribución | F45: =IF(E45="Distribución",5,IF(E45="instalación",4,IF(E45="equipamiento",3,IF(E45="suelo",3,IF(E45="hueco",4,IF(E45="techo",2,IF(E45="puerta",2,IF(E45="pared",2,IF(E45="mobiliario",1,IF(E45="señalética",1,IF(E45="arte",1,0))))))))))) -> 5 | G45: (Ubicado junto a la sala de estar de familiares)¹ .(Fácil de identificar desde la sala de estar o el pasillo interno)². | H45: 0 | I45: 0 | J45: 1 | K45: 0 | L45: 1. Unidad de enfermería en hospitalización polivalente de agudos, in Estándares y recomendaciones, e.e.i. Informes, Editor. 2009, Ministerio de Sanidad y Política Social. 2. HBN 08-02-1 Dementia-friendly Health and Social Care Environments. 2015, Department of Health UK. | M45: 1 | N45: sí
A46: =A45+1 -> 18 | C46: Acceso | D46: Aseo público | E46: Instalación | F46: =IF(E46="Distribución",5,IF(E46="instalación",4,IF(E46="equipamiento",3,IF(E46="suelo",3,IF(E46="hueco",4,IF(E46="techo",2,IF(E46="puerta",2,IF(E46="pared",2,IF(E46="mobiliario",1,IF(E46="señalética",1,IF(E46="arte",1,0))))))))))) -> 4 | G46: Ventilado mecánicamente. | H46: 0 | I46: 0 | J46: 0 | K46: 1 | L46: Reglamento de instalaciones térmicas en los edificios (RITE), BOE-A-2007-15820, Editor. 2007, Ministerio de la Presidencia. | M46: 1 | N46: sí
A47: =A46+1 -> 19 | C47: Acceso | D47: Aseo público | E47: Equipamiento | F47: =IF(E47="Distribución",5,IF(E47="instalación",4,IF(E47="equipamiento",3,IF(E47="suelo",3,IF(E47="hueco",4,IF(E47="techo",2,IF(E47="puerta",2,IF(E47="pared",2,IF(E47="mobiliario",1,IF(E47="señalética",1,IF(E47="arte",1,0))))))))))) -> 3 | G47: (Lavabo e inodoro)¹ (en buen estado de conservación)². | H47: 0 | I47: 0 | J47: 1 | K47: 1 | L47: 1. Unidad de enfermería en hospitalización polivalente de agudos, in Estándares y recomendaciones, e.e.i. Informes, Editor. 2009, Ministerio de Sanidad y Política Social. 2. Patient-Led Assessments of the Care Environment. The Ward Assessment - Acute and Community Hospitals, Hospices and Treatment Centres. 2015, NHS England. | M47: 1 | N47: sí
A48: =A47+1 -> 20 | C48: Acceso | D48: Aseo público | E48: Puerta | F48: =IF(E48="Distribución",5,IF(E48="instalación",4,IF(E48="equipamiento",3,IF(E48="suelo",3,IF(E48="hueco",4,IF(E48="techo",2,IF(E48="puerta",2,IF(E48="pared",2,IF(E48="mobiliario",1,IF(E48="señalética",1,IF(E48="arte",1,0))))))))))) -> 2 | G48: Los sistemas de cierre funcionan correctamente. | H48: 0 | I48: 0 | J48: 0 | K48: 1 | L48: Patient-Led Assessments of the Care Environment. The Ward Assessment - Acute and Community Hospitals, Hospices and Treatment Centres. 2015, NHS England. | M48: 1 | N48: sí
A49: =A48+1 -> 21 | C49: Acceso | D49: Aseo público | E49: Mobiliario | F49: =IF(E49="Distribución",5,IF(E49="instalación",4,IF(E49="equipamiento",3,IF(E49="suelo",3,IF(E49="hueco",4,IF(E49="techo",2,IF(E49="puerta",2,IF(E49="pared",2,IF(E49="mobiliario",1,IF(E49="señalética",1,IF(E49="arte",1,0))))))))))) -> 1 | G49: Dispensador de jabón, de papel higiénico y de toallas de papel. Escobilla y papelera (preferiblemente con tapa). Espejo y percha. | H49: 0 | I49: 0 | J49: 1 | K49: 0 | L49: Unidad de enfermería en hospitalización polivalente de agudos, in Estándares y recomendaciones, e.e.i. Informes, Editor. 2009, Ministerio de Sanidad y Política Social. | M49: 1 | N49: no | O49: Falta la percha.
A50: 1 | C50: Pacientes y familiares | D50: Habitación de paciente | E50: Distribución | F50: =IF(E50="Distribución",5,IF(E50="instalación",4,IF(E50="equipamiento",3,IF(E50="suelo",3,IF(E50="hueco",4,IF(E50="techo",2,IF(E50="puerta",2,IF(E50="pared",2,IF(E50="mobiliario",1,IF(E50="señalética",1,IF(E50="arte",1,0))))))))))) -> 5 | G50: Agrupadas en torno al control de enfermería de la unidad. | H50: 1 | I50: 1 | J50: 0 | K50: 0 | L50: Unidad de enfermería en hospitalización polivalente de agudos, in Estándares y recomendaciones, e.e.i. Informes, Editor. 2009, Ministerio de Sanidad y Política Social. | M50: 1 | N50: sí | O50: Datos de hospitalización polivalente porque eran iguales.
A51: =A50+1 -> 2 | C51: Pacientes y familiares | D51: Habitación de paciente | E51: Distribución | F51: =IF(E51="Distribución",5,IF(E51="instalación",4,IF(E51="equipamiento",3,IF(E51="suelo",3,IF(E51="hueco",4,IF(E51="techo",2,IF(E51="puerta",2,IF(E51="pared",2,IF(E51="mobiliario",1,IF(E51="señalética",1,IF(E51="arte",1,0))))))))))) -> 5 | G51: Todas las habitaciones son de uso individual. | H51: 1 | I51: 1 | J51: 1 | K51: 0 | L51: Social, M.d.S.y.P., Maternidad Hospitalaria Estándares y Recomendaciones. 2009: Madrid | M51: 1 | N51: sí
A52: =A51+1 -> 3 | C52: Pacientes y familiares | D52: Habitación de paciente | E52: Distribución | F52: =IF(E52="Distribución",5,IF(E52="instalación",4,IF(E52="equipamiento",3,IF(E52="suelo",3,IF(E52="hueco",4,IF(E52="techo",2,IF(E52="puerta",2,IF(E52="pared",2,IF(E52="mobiliario",1,IF(E52="señalética",1,IF(E52="arte",1,0))))))))))) -> 5 | G52: (Todas las habitaciones son de uso potencial doble)¹ (para responder a los picos de demanda o bien de un 30 al 50 % de las habitaciones son individuales)². | H52: 1 | I52: 1 | J52: 1 | K52: 0 | L52: 1. Unidad de enfermería en hospitalización polivalente de agudos, in Estándares y recomendaciones, e.e.i. Informes, Editor. 2009, Ministerio de Sanidad y Política Social. 2. Autores CURARQ | M52: 1 | N52: sí | O52: Son todas individuales pero tienen metros cuadrados para convertirse en doble.
A53: =A52+1 -> 4 | C53: Pacientes y familiares | D53: Habitación de paciente | E53: Distribución | F53: =IF(E53="Distribución",5,IF(E53="instalación",4,IF(E53="equipamiento",3,IF(E53="suelo",3,IF(E53="hueco",4,IF(E53="techo",2,IF(E53="puerta",2,IF(E53="pared",2,IF(E53="mobiliario",1,IF(E53="señalética",1,IF(E53="arte",1,0))))))))))) -> 5 | G53: La superficie útil mínima de la habitación individual es de 16,5 m2 . El largo mínimo de la habitación es de 4 m y el ancho mayor o igual a 3,45 m (con una cama de 2,2 m de largo) o a 3,6 m (con una cama de 2,4 m de largo). | H53: 1 | I53: 1 | J53: 0 | K53: 0 | L53: Unidad de enfermería en hospitalización polivalente de agudos, in Estándares y recomendaciones, e.e.i. Informes, Editor. 2009, Ministerio de Sanidad y Política Social. | M53: 1 | N53: sí | O53: Aunque al ancho le faltan 5 cm.
A54: =A53+1 -> 5 | C54: Pacientes y familiares | D54: Habitación de paciente | E54: Distribución | F54: =IF(E54="Distribución",5,IF(E54="instalación",4,IF(E54="equipamiento",3,IF(E54="suelo",3,IF(E54="hueco",4,IF(E54="techo",2,IF(E54="puerta",2,IF(E54="pared",2,IF(E54="mobiliario",1,IF(E54="señalética",1,IF(E54="arte",1,0))))))))))) -> 5 | G54: La habitación tiene un espacio para la cama y el trabajo asistencial de 12 m2 (un cuadrado de 3,45 m de lado). A cada lado de la cama existe un espacio libre mínimo de 1,2 m para asegurar el acceso de equipos y personal asistencial al paciente. | H54: 0 | I54: 1 | J54: 0 | K54: 0 | L54: Unidad de enfermería en hospitalización polivalente de agudos, in Estándares y recomendaciones, e.e.i. Informes, Editor. 2009, Ministerio de Sanidad y Política Social. | M54: 1 | N54: sí
A55: =A54+1 -> 6 | C55: Pacientes y familiares | D55: Habitación de paciente | E55: Distribución | F55: =IF(E55="Distribución",5,IF(E55="instalación",4,IF(E55="equipamiento",3,IF(E55="suelo",3,IF(E55="hueco",4,IF(E55="techo",2,IF(E55="puerta",2,IF(E55="pared",2,IF(E55="mobiliario",1,IF(E55="señalética",1,IF(E55="arte",1,0))))))))))) -> 5 | G55: Espacio suficiente para que la cuna del recién nacido sea accesible desde la cama. | H55: 1 | I55: 0 | J55: 1 | K55: 0 | L55: Social, M.d.S.y.P., Maternidad Hospitalaria Estándares y Recomendaciones. 2009: Madrid | M55: 1 | N55: sí
A56: =A55+1 -> 7 | C56: Pacientes y familiares | D56: Habitación de paciente | E56: Distribución | F56: =IF(E56="Distribución",5,IF(E56="instalación",4,IF(E56="equipamiento",3,IF(E56="suelo",3,IF(E56="hueco",4,IF(E56="techo",2,IF(E56="puerta",2,IF(E56="pared",2,IF(E56="mobiliario",1,IF(E56="señalética",1,IF(E56="arte",1,0))))))))))) -> 5 | G56: Espacio para material diverso del paciente y/o acompañante (libros, periódicos, flores, comida no perecedera, radio, …). Espacio para acomodar a dos visitas por paciente. | H56: 0 | I56: 0 | J56: 1 | K56: 0 | L56: Unidad de enfermería en hospitalización polivalente de agudos, in Estándares y recomendaciones, e.e.i. Informes, Editor. 2009, Ministerio de Sanidad y Política Social. | M56: 1 | N56: sí
A57: =A56+1 -> 8 | C57: Pacientes y familiares | D57: Habitación de paciente | E57: Hueco | F57: =IF(E57="Distribución",5,IF(E57="instalación",4,IF(E57="equipamiento",3,IF(E57="suelo",3,IF(E57="hueco",4,IF(E57="techo",2,IF(E57="puerta",2,IF(E57="pared",2,IF(E57="mobiliario",1,IF(E57="señalética",1,IF(E57="arte",1,0))))))))))) -> 4 | G57: Iluminación natural. | H57: 0 | I57: 0 | J57: 1 | K57: 0 | L57: 1. Unidad de enfermería en hospitalización polivalente de agudos, in Estándares y recomendaciones, e.e.i. Informes, Editor. 2009, Ministerio de Sanidad y Política Social. 2. HBN 04-01 Adult in-patient facilities. 2013, Department of Health. | M57: 1 | N57: sí
A58: =A57+1 -> 9 | C58: Pacientes y familiares | D58: Habitación de paciente | E58: Hueco | F58: =IF(E58="Distribución",5,IF(E58="instalación",4,IF(E58="equipamiento",3,IF(E58="suelo",3,IF(E58="hueco",4,IF(E58="techo",2,IF(E58="puerta",2,IF(E58="pared",2,IF(E58="mobiliario",1,IF(E58="señalética",1,IF(E58="arte",1,0))))))))))) -> 4 | G58: Vistas a la naturaleza. | H58: 0 | I58: 0 | J58: 1 | K58: 0 | L58: Medical-Surgical Patient Room Annotation CHD (Dijkstra, Pieterse, & Pruyn, 2006; Lee et al., 2004; Miller, Hickman, & Lemasters, 1992; Schneider, Prince-Paul, Allen, Silverman, & Talaba, 2004; Tse, Ng, Chung & Wong, 2002; Ulrich, 1984; Ulrich, 1999; Ulrich, Lunden, Eltinge, 1993) | M58: 1 | N58: sí
A59: =A58+1 -> 10 | C59: Pacientes y familiares | D59: Habitación de paciente | E59: Hueco | F59: =IF(E59="Distribución",5,IF(E59="instalación",4,IF(E59="equipamiento",3,IF(E59="suelo",3,IF(E59="hueco",4,IF(E59="techo",2,IF(E59="puerta",2,IF(E59="pared",2,IF(E59="mobiliario",1,IF(E59="señalética",1,IF(E59="arte",1,0))))))))))) -> 4 | G59: (El diseño de la ventana permite la visión del exterior desde la cama)¹². (La altura de la ventana permite que desde el cabecero de la cama se pueden observar vistas hacia el exterior)²³. | H59: 0 | I59: 0 | J59: 1 | K59: 0 | L59: 1. Unidad de enfermería en hospitalización polivalente de agudos, in Estándares y recomendaciones, e.e.i. Informes, Editor. 2009, Ministerio de Sanidad y Política Social 2. HBN 04-01 Adult in-patient facilities. 2013, Department of Health. 3. UTE, J. Navarro Baldeweg, and Á. Fernández Alba, Programa Funcional Hospital Universitario Central de Asturias. 2003. | M59: 1 | N59: sí
A60: =A59+1 -> 11 | C60: Pacientes y familiares | D60: Habitación de paciente | E60: Hueco | F60: =IF(E60="Distribución",5,IF(E60="instalación",4,IF(E60="equipamiento",3,IF(E60="suelo",3,IF(E60="hueco",4,IF(E60="techo",2,IF(E60="puerta",2,IF(E60="pared",2,IF(E60="mobiliario",1,IF(E60="señalética",1,IF(E60="arte",1,0))))))))))) -> 4 | G60: Aislado acústicamente para evitar los ruidos del exterior. | H60: 0 | I60: 0 | J60: 1 | K60: 0 | L60: 1. Medical-Surgical Patient Room Annotation CHD 2. Documento Básico Protección frente al ruido (DBHR). 2009, Ministerio de Vivienda. | M60: 1 | N60: sí
A61: =A60+1 -> 12 | C61: Pacientes y familiares | D61: Habitación de paciente | E61: Hueco | F61: =IF(E61="Distribución",5,IF(E61="instalación",4,IF(E61="equipamiento",3,IF(E61="suelo",3,IF(E61="hueco",4,IF(E61="techo",2,IF(E61="puerta",2,IF(E61="pared",2,IF(E61="mobiliario",1,IF(E61="señalética",1,IF(E61="arte",1,0))))))))))) -> 4 | G61: Las ventanas practicable cuentan con un sistema de seguridad controlado por el personal. | H61: 1 | I61: 0 | J61: 0 | K61: 1 | L61: Social, M.d.S.y.P., Maternidad Hospitalaria Estándares y Recomendaciones. 2009: Madrid + Atención hospitalaria al parto, in Estándares y recomendaciones para maternidades hospitalarias, e.e.i. Informes, Editor. 2009, Ministerio de Sanidad y Política Social. | M61: 1 | N61: sí
A62: =A61+1 -> 13 | C62: Pacientes y familiares | D62: Habitación de paciente | E62: Hueco | F62: =IF(E62="Distribución",5,IF(E62="instalación",4,IF(E62="equipamiento",3,IF(E62="suelo",3,IF(E62="hueco",4,IF(E62="techo",2,IF(E62="puerta",2,IF(E62="pared",2,IF(E62="mobiliario",1,IF(E62="señalética",1,IF(E62="arte",1,0))))))))))) -> 4 | G62: (Sistema de control de la luz natural)¹. (Accesorios para poder oscurecer la habitación)²³ (incluso durante el día y facilitar el sueño a los pacientes)¹. | H62: 0 | I62: 0 | J62: 1 | K62: 0 | L62: 1. Alliance, A.H.I., Part B - Health Facility Briefing and Planning 0340 - Inpatient Accommodation Unit, in Australasian Health Facility Guidelines. 2016 + Design Insights & Strategies Tool, The Center for Health Design 2. Unidad de enfermería en hospitalización polivalente de agudos, in Estándares y recomendaciones, e.e.i. Informes, Editor. 2009, Ministerio de Sanidad y Política Social. 3. HBN 04-01 Adult in-patient facilities. 2013, Department of Health. | M62: 1 | N62: sí
A63: =A62+1 -> 14 | C63: Pacientes y familiares | D63: Habitación de paciente | E63: Instalación | F63: =IF(E63="Distribución",5,IF(E63="instalación",4,IF(E63="equipamiento",3,IF(E63="suelo",3,IF(E63="hueco",4,IF(E63="techo",2,IF(E63="puerta",2,IF(E63="pared",2,IF(E63="mobiliario",1,IF(E63="señalética",1,IF(E63="arte",1,0))))))))))) -> 4 | G63: Ventilado mecánicamente. | H63: 0 | I63: 0 | J63: 0 | K63: 1 | L63: Reglamento de instalaciones térmicas en los edificios (RITE), BOE-A-2007-15820, Editor. 2007, Ministerio de la Presidencia. | M63: 1 | N63: sí
A64: =A63+1 -> 15 | C64: Pacientes y familiares | D64: Habitación de paciente | E64: Instalación | F64: =IF(E64="Distribución",5,IF(E64="instalación",4,IF(E64="equipamiento",3,IF(E64="suelo",3,IF(E64="hueco",4,IF(E64="techo",2,IF(E64="puerta",2,IF(E64="pared",2,IF(E64="mobiliario",1,IF(E64="señalética",1,IF(E64="arte",1,0))))))))))) -> 4 | G64: (La habitación dispone, sin cables por el suelo, de tomas eléctricas, control de iluminación, sistema de llamada a enfermería, gases medicinales (oxígeno y vacío) y panel con tomas)¹ (para transmisiones y comunicaciones)², | H64: 1 | I64: 1 | J64: 1 | K64: 0 | L64: 1. Unidad de enfermería en hospitalización polivalente de agudos, in Estándares y recomendaciones, e.e.i. Informes, Editor. 2009, Ministerio de Sanidad y Política Social 2. Autores CURARQ | M64: 1 | N64: n.a. | O64: Ítem posterior a la evaluación.
A65: =A64+1 -> 16 | C65: Pacientes y familiares | D65: Habitación de paciente | E65: Equipamiento | F65: =IF(E65="Distribución",5,IF(E65="instalación",4,IF(E65="equipamiento",3,IF(E65="suelo",3,IF(E65="hueco",4,IF(E65="techo",2,IF(E65="puerta",2,IF(E65="pared",2,IF(E65="mobiliario",1,IF(E65="señalética",1,IF(E65="arte",1,0))))))))))) -> 3 | G65: La temperatura oscila entre los 20 y los 26 ºC. | H65: 0 | I65: 0 | J65: 1 | K65: 0 | L65: Autores CURARQ | M65: 1 | N65: sí
A66: =A65+1 -> 17 | C66: Pacientes y familiares | D66: Habitación de paciente | E66: Equipamiento | F66: =IF(E66="Distribución",5,IF(E66="instalación",4,IF(E66="equipamiento",3,IF(E66="suelo",3,IF(E66="hueco",4,IF(E66="techo",2,IF(E66="puerta",2,IF(E66="pared",2,IF(E66="mobiliario",1,IF(E66="señalética",1,IF(E66="arte",1,0))))))))))) -> 3 | G66: Sistema de gestión centralizado de instalaciones (temperatura) con regulación de ajuste local desde la habitación para ofrecer mayor autonomía y menor dependencia del personal de la unidad. | H66: 0 | I66: 0 | J66: 1 | K66: 0 | L66: Unidad de enfermería en hospitalización polivalente de agudos, in Estándares y recomendaciones, e.e.i. Informes, Editor. 2009, Ministerio de Sanidad y Política Social. | M66: 1 | N66: sí
A67: =A66+1 -> 18 | C67: Pacientes y familiares | D67: Habitación de paciente | E67: Equipamiento | F67: =IF(E67="Distribución",5,IF(E67="instalación",4,IF(E67="equipamiento",3,IF(E67="suelo",3,IF(E67="hueco",4,IF(E67="techo",2,IF(E67="puerta",2,IF(E67="pared",2,IF(E67="mobiliario",1,IF(E67="señalética",1,IF(E67="arte",1,0))))))))))) -> 3 | G67: Cabecero con iluminación artificial directa e indirecta (hacia el techo). Mando de control de la luminaria. | H67: 0 | I67: 0 | J67: 1 | K67: 0 | L67: Unidad de enfermería en hospitalización polivalente de agudos, in Estándares y recomendaciones, e.e.i. Informes, Editor. 2009, Ministerio de Sanidad y Política Social. | M67: 1 | N67: sí
A68: =A67+1 -> 19 | C68: Pacientes y familiares | D68: Habitación de paciente | E68: Equipamiento | F68: =IF(E68="Distribución",5,IF(E68="instalación",4,IF(E68="equipamiento",3,IF(E68="suelo",3,IF(E68="hueco",4,IF(E68="techo",2,IF(E68="puerta",2,IF(E68="pared",2,IF(E68="mobiliario",1,IF(E68="señalética",1,IF(E68="arte",1,0))))))))))) -> 3 | G68: Las luminarias están debidamente colocadas para evitar el deslumbramiento por la visión de la fuente de luz directa. | H68: 0 | I68: 0 | J68: 1 | K68: 0 | L68: Unidad de enfermería en hospitalización polivalente de agudos, in Estándares y recomendaciones, e.e.i. Informes, Editor. 2009, Ministerio de Sanidad y Política Social. | M68: 1 | N68: sí
A69: =A68+1 -> 20 | C69: Pacientes y familiares | D69: Habitación de paciente | E69: Equipamiento | F69: =IF(E69="Distribución",5,IF(E69="instalación",4,IF(E69="equipamiento",3,IF(E69="suelo",3,IF(E69="hueco",4,IF(E69="techo",2,IF(E69="puerta",2,IF(E69="pared",2,IF(E69="mobiliario",1,IF(E69="señalética",1,IF(E69="arte",1,0))))))))))) -> 3 | G69: Punto de luz tenue entre la cama y el aseo. | H69: 1 | I69: 1 | J69: 0 | K69: 0 | L69: Medical-Surgical Patient Room Annotation CHD (Gulwadi & Calkins, 2008) Alliance, A.H.I., Part B - Health Facility Briefing and Planning 0340 - Inpatient Accommodation Unit, in Australasian Health Facility Guidelines. 2016 | M69: 1 | N69: sí
A70: =A69+1 -> 21 | C70: Pacientes y familiares | D70: Habitación de paciente | E70: Equipamiento | F70: =IF(E70="Distribución",5,IF(E70="instalación",4,IF(E70="equipamiento",3,IF(E70="suelo",3,IF(E70="hueco",4,IF(E70="techo",2,IF(E70="puerta",2,IF(E70="pared",2,IF(E70="mobiliario",1,IF(E70="señalética",1,IF(E70="arte",1,0))))))))))) -> 3 | G70: Punto de luz tenue entre la caa y la cuna o en el cabecero de la cama para poder observar al bebé durante la noche. | H70: 0 | I70: 0 | J70: 1 | K70: 0 | L70: Autores CURARQ | M70: 1 | N70: no | O70: No cumple.
A71: =A70+1 -> 22 | C71: Pacientes y familiares | D71: Habitación de paciente | E71: Equipamiento | F71: =IF(E71="Distribución",5,IF(E71="instalación",4,IF(E71="equipamiento",3,IF(E71="suelo",3,IF(E71="hueco",4,IF(E71="techo",2,IF(E71="puerta",2,IF(E71="pared",2,IF(E71="mobiliario",1,IF(E71="señalética",1,IF(E71="arte",1,0))))))))))) -> 3 | G71: Los enchufes eléctricos están a más de 450mm y menos de 1200mm del suelo. Los interruptores de luz están a más de 1000mm y menos de 1200mm del suelo. | H71: 0 | I71: 1 | J71: 1 | K71: 0 | L71: Lewis, A., EVOLVE: a tool for evaluating the design of older people´s housing. Housing, Care and Support, 2010. | M71: 1 | N71: no | O71: Están a 300 mm del suelo.
A72: =A71+1 -> 23 | C72: Pacientes y familiares | D72: Habitación de paciente | E72: Equipamiento | F72: =IF(E72="Distribución",5,IF(E72="instalación",4,IF(E72="equipamiento",3,IF(E72="suelo",3,IF(E72="hueco",4,IF(E72="techo",2,IF(E72="puerta",2,IF(E72="pared",2,IF(E72="mobiliario",1,IF(E72="señalética",1,IF(E72="arte",1,0))))))))))) -> 3 | G72: (Cama eléctrica con accesorios, de altura y posición graduable. El tamaño)¹(mínimo)² (de la cama es de 1,05 por 2,4 m)¹. | H72: 0 | I72: 1 | J72: 1 | K72: 0 | L72: 1. Unidad de enfermería en hospitalización polivalente de agudos, in Estándares y recomendaciones, e.e.i. Informes, Editor. 2009, Ministerio de Sanidad y Política Social. 2. Autores CURARQ | M72: 1 | N72: no | O72: Mide 0,95 m de ancho por 2,2 m de largo.
A73: =A72+1 -> 24 | C73: Pacientes y familiares | D73: Habitación de paciente | E73: Suelo | F73: =IF(E73="Distribución",5,IF(E73="instalación",4,IF(E73="equipamiento",3,IF(E73="suelo",3,IF(E73="hueco",4,IF(E73="techo",2,IF(E73="puerta",2,IF(E73="pared",2,IF(E73="mobiliario",1,IF(E73="señalética",1,IF(E73="arte",1,0))))))))))) -> 3 | G73: Suelo que no refleja para evitar el deslumbramiento. | H73: 1 | I73: 0 | J73: 0 | K73: 0 | L73: Medical-Surgical Patient Room Annotation CHD (Dvorsky & Pettipas, 2007; Gulwadi & Calkin, 2008; Nanda, Malone, & Joseph, 2012; Willmott, 1986) | M73: 1 | N73: sí
A74: =A73+1 -> 25 | C74: Pacientes y familiares | D74: Habitación de paciente | E74: Suelo | F74: =IF(E74="Distribución",5,IF(E74="instalación",4,IF(E74="equipamiento",3,IF(E74="suelo",3,IF(E74="hueco",4,IF(E74="techo",2,IF(E74="puerta",2,IF(E74="pared",2,IF(E74="mobiliario",1,IF(E74="señalética",1,IF(E74="arte",1,0))))))))))) -> 3 | G74: (Acabado de suelos de fácil limpieza y mantenimiento)¹. (Resistente al uso intensivo de equipamiento con ruedas)². | H74: 0 | I74: 0 | J74: 0 | K74: 1 | L74: 1. Unidad de enfermería en hospitalización polivalente de agudos, in Estándares y recomendaciones, e.e.i. Informes, Editor. 2009, Ministerio de Sanidad y Política Social 2. Medical-Surgical Patient Room Annotation CHD (Nanda, Malone, & Joseph, 2012) | M74: 1 | N74: sí
A75: =A74+1 -> 26 | C75: Pacientes y familiares | D75: Habitación de paciente | E75: Suelo | F75: =IF(E75="Distribución",5,IF(E75="instalación",4,IF(E75="equipamiento",3,IF(E75="suelo",3,IF(E75="hueco",4,IF(E75="techo",2,IF(E75="puerta",2,IF(E75="pared",2,IF(E75="mobiliario",1,IF(E75="señalética",1,IF(E75="arte",1,0))))))))))) -> 3 | G75: (Suelo continuo)¹ y (no resbaladizo)². | H75: 1 | I75: 0 | J75: 0 | K75: 0 | L75: 1. Autores CURARQ 2. Alliance, A.H.I., Part B - Health Facility Briefing and Planning 0340 - Inpatient Accommodation Unit, in Australasian Health Facility Guidelines. 2016 | M75: 1 | N75: sí
A76: =A75+1 -> 27 | C76: Pacientes y familiares | D76: Habitación de paciente | E76: Techo | F76: =IF(E76="Distribución",5,IF(E76="instalación",4,IF(E76="equipamiento",3,IF(E76="suelo",3,IF(E76="hueco",4,IF(E76="techo",2,IF(E76="puerta",2,IF(E76="pared",2,IF(E76="mobiliario",1,IF(E76="señalética",1,IF(E76="arte",1,0))))))))))) -> 2 | G76: (El tratamiento de los techos se aproxima a los estándares residenciales)¹. (Acabado no institucional)². | H76: 0 | I76: 0 | J76: 1 | K76: 0 | L76: 1. Unidad de enfermería en hospitalización polivalente de agudos, in Estándares y recomendaciones, e.e.i. Informes, Editor. 2009, Ministerio de Sanidad y Política Social 2. Medical-Surgical Patient Room Annotation CHD (Altringer, 2010; Becker & Douglass, 2008; Swan, Richardson, & Hutton, 2003) | M76: 1 | N76: sí
A77: =A76+1 -> 28 | C77: Pacientes y familiares | D77: Habitación de paciente | E77: Techo | F77: =IF(E77="Distribución",5,IF(E77="instalación",4,IF(E77="equipamiento",3,IF(E77="suelo",3,IF(E77="hueco",4,IF(E77="techo",2,IF(E77="puerta",2,IF(E77="pared",2,IF(E77="mobiliario",1,IF(E77="señalética",1,IF(E77="arte",1,0))))))))))) -> 2 | G77: (Acabado de fácil limpieza y mantenimiento)¹. (Sin elementos ocultos donde se pueda acumular la suciedad)². | H77: 0 | I77: 0 | J77: 0 | K77: 1 | L77: 1. Unidad de enfermería en hospitalización polivalente de agudos, in Estándares y recomendaciones, e.e.i. Informes, Editor. 2009, Ministerio de Sanidad y Política Social 2. Medical-Surgical Patient Room Annotation CHD | M77: 1 | N77: sí
A78: =A77+1 -> 29 | C78: Pacientes y familiares | D78: Habitación de paciente | E78: Pared | F78: =IF(E78="Distribución",5,IF(E78="instalación",4,IF(E78="equipamiento",3,IF(E78="suelo",3,IF(E78="hueco",4,IF(E78="techo",2,IF(E78="puerta",2,IF(E78="pared",2,IF(E78="mobiliario",1,IF(E78="señalética",1,IF(E78="arte",1,0))))))))))) -> 2 | G78: Las superficies cercanas al dispensador de solución hidro alcohólica se mantiene limpias. | H78: 0 | I78: 0 | J78: 0 | K78: 1 | L78: Autores CURARQ | M78: 1 | N78: sí
A79: =A78+1 -> 30 | C79: Pacientes y familiares | D79: Habitación de paciente | E79: Pared | F79: =IF(E79="Distribución",5,IF(E79="instalación",4,IF(E79="equipamiento",3,IF(E79="suelo",3,IF(E79="hueco",4,IF(E79="techo",2,IF(E79="puerta",2,IF(E79="pared",2,IF(E79="mobiliario",1,IF(E79="señalética",1,IF(E79="arte",1,0))))))))))) -> 2 | G79: No se utilizan los colores primarios que pueden interferir en la correcta exploración del paciente (amarillo/ictericia, azul/cianosis, rojo/enrojecimiento). | H79: 0 | I79: 1 | J79: 0 | K79: 0 | L79: Alliance, A.H.I., Part B - Health Facility Briefing and Planning 0340 - Inpatient Accommodation Unit, in Australasian Health Facility Guidelines. 2016 | M79: 1 | N79: sí
A80: =A79+1 -> 31 | C80: Pacientes y familiares | D80: Habitación de paciente | E80: Pared | F80: =IF(E80="Distribución",5,IF(E80="instalación",4,IF(E80="equipamiento",3,IF(E80="suelo",3,IF(E80="hueco",4,IF(E80="techo",2,IF(E80="puerta",2,IF(E80="pared",2,IF(E80="mobiliario",1,IF(E80="señalética",1,IF(E80="arte",1,0))))))))))) -> 2 | G80: (Acabado de paredes de fácil limpieza y mantenimiento)¹. (Con el mínimo número de superficies horizontales o rebordes donde se pueda acumular el polvo)². | H80: 0 | I80: 0 | J80: 0 | K80: 1 | L80: 1. Unidad de enfermería en hospitalización polivalente de agudos, in Estándares y recomendaciones, e.e.i. Informes, Editor. 2009, Ministerio de Sanidad y Política Social 2. Medical-Surgical Patient Room Annotation CHD | M80: 1 | N80: sí
A81: =A80+1 -> 32 | C81: Pacientes y familiares | D81: Habitación de paciente | E81: Pared | F81: =IF(E81="Distribución",5,IF(E81="instalación",4,IF(E81="equipamiento",3,IF(E81="suelo",3,IF(E81="hueco",4,IF(E81="techo",2,IF(E81="puerta",2,IF(E81="pared",2,IF(E81="mobiliario",1,IF(E81="señalética",1,IF(E81="arte",1,0))))))))))) -> 2 | G81: Protecciones contra impactos de camas en esquinas. | H81: 0 | I81: 0 | J81: 0 | K81: 1 | L81: Social, M.d.S.y.P., Maternidad Hospitalaria Estándares y Recomendaciones. 2009: Madrid | M81: 1 | N81: sí
A82: =A81+1 -> 33 | C82: Pacientes y familiares | D82: Habitación de paciente | E82: Puerta | F82: =IF(E82="Distribución",5,IF(E82="instalación",4,IF(E82="equipamiento",3,IF(E82="suelo",3,IF(E82="hueco",4,IF(E82="techo",2,IF(E82="puerta",2,IF(E82="pared",2,IF(E82="mobiliario",1,IF(E82="señalética",1,IF(E82="arte",1,0))))))))))) -> 2 | G82: El ancho mínimo de la puerta de acceso a la habitación es de 1,20 m. | H82: 0 | I82: 1 | J82: 0 | K82: 0 | L82: Unidad de enfermería en hospitalización polivalente de agudos, in Estándares y recomendaciones, e.e.i. Informes, Editor. 2009, Ministerio de Sanidad y Política Social. | M82: 1 | N82: sí
A83: =A82+1 -> 34 | C83: Pacientes y familiares | D83: Habitación de paciente | E83: Puerta | F83: =IF(E83="Distribución",5,IF(E83="instalación",4,IF(E83="equipamiento",3,IF(E83="suelo",3,IF(E83="hueco",4,IF(E83="techo",2,IF(E83="puerta",2,IF(E83="pared",2,IF(E83="mobiliario",1,IF(E83="señalética",1,IF(E83="arte",1,0))))))))))) -> 2 | G83: Se pueden abrir con una presión mínima. La maneta es cómoda de agarrar, no es pesada y es fácil de accionar. | H83: 0 | I83: 1 | J83: 0 | K83: 0 | L83: Lewis, A., EVOLVE: a tool for evaluating the design of older people´s housing. Housing, Care and Support, 2010 | M83: 1 | N83: sí
A84: =A83+1 -> 35 | C84: Pacientes y familiares | D84: Habitación de paciente | E84: Puerta | F84: =IF(E84="Distribución",5,IF(E84="instalación",4,IF(E84="equipamiento",3,IF(E84="suelo",3,IF(E84="hueco",4,IF(E84="techo",2,IF(E84="puerta",2,IF(E84="pared",2,IF(E84="mobiliario",1,IF(E84="señalética",1,IF(E84="arte",1,0))))))))))) -> 2 | G84: Tiene un mecanismo de cierre silencioso y amortiguado. | H84: 0 | I84: 0 | J84: 1 | K84: 0 | L84: HBN 08-02-1 Dementia-friendly Health and Social Care Environments. 2015, Department of Health UK. | M84: 1 | N84: no | O84: No cumple.
A85: =A84+1 -> 36 | C85: Pacientes y familiares | D85: Habitación de paciente | E85: Puerta | F85: =IF(E85="Distribución",5,IF(E85="instalación",4,IF(E85="equipamiento",3,IF(E85="suelo",3,IF(E85="hueco",4,IF(E85="techo",2,IF(E85="puerta",2,IF(E85="pared",2,IF(E85="mobiliario",1,IF(E85="señalética",1,IF(E85="arte",1,0))))))))))) -> 2 | G85: Acabado de fácil limpieza. | H85: 0 | I85: 0 | J85: 0 | K85: 1 | L85: Medical-Surgical Patient Room Annotation CHD (Carling, Briggs, Hylander, & Perkins, 2006; Carling, Briggs, Perkins, & Highlander, 2006; Carling, Parry, & Von Beheren, 2008; Dancer, White, Lamb, Girvan, & Robertson, 2009; Joseph, & Rashid, 2007; Lankford et al., 2007; Takai et al., 2002; Wilson & Ridgway, 2006) | M85: 1 | N85: sí
A86: =A85+1 -> 37 | C86: Pacientes y familiares | D86: Habitación de paciente | E86: Puerta | F86: =IF(E86="Distribución",5,IF(E86="instalación",4,IF(E86="equipamiento",3,IF(E86="suelo",3,IF(E86="hueco",4,IF(E86="techo",2,IF(E86="puerta",2,IF(E86="pared",2,IF(E86="mobiliario",1,IF(E86="señalética",1,IF(E86="arte",1,0))))))))))) -> 2 | G86: El color de las puertas de las habitaciones contrasta con el color de las paredes de su alrededor y el color de la maneta contrasta con el color de la puerta. | H86: 1 | I86: 0 | J86: 0 | K86: 0 | L86: HBN 08-02-1 Dementia-friendly Health and Social Care Environments. 2015, Department of Health UK. | M86: 1 | N86: sí
A87: =A86+1 -> 38 | C87: Pacientes y familiares | D87: Habitación de paciente | E87: Puerta | F87: =IF(E87="Distribución",5,IF(E87="instalación",4,IF(E87="equipamiento",3,IF(E87="suelo",3,IF(E87="hueco",4,IF(E87="techo",2,IF(E87="puerta",2,IF(E87="pared",2,IF(E87="mobiliario",1,IF(E87="señalética",1,IF(E87="arte",1,0))))))))))) -> 2 | G87: Protecciones de puertas. Las puertas son resistentes al impacto de los carros. | H87: 0 | I87: 0 | J87: 0 | K87: 1 | L87: Unidad de enfermería en hospitalización polivalente de agudos, in Estándares y recomendaciones, e.e.i. Informes, Editor. 2009, Ministerio de Sanidad y Política Social | M87: 1 | N87: sí | O87: No tiene protecciones pero el material es resistente y no tiene marcas.
A88: =A87+1 -> 39 | C88: Pacientes y familiares | D88: Habitación de paciente | E88: Mobiliario | F88: =IF(E88="Distribución",5,IF(E88="instalación",4,IF(E88="equipamiento",3,IF(E88="suelo",3,IF(E88="hueco",4,IF(E88="techo",2,IF(E88="puerta",2,IF(E88="pared",2,IF(E88="mobiliario",1,IF(E88="señalética",1,IF(E88="arte",1,0))))))))))) -> 1 | G88: (Cuna para el recién nacido)¹. (La cama de la paciente y la cuna del bebé posibilitan el colecho, cuna tipo sidecar)². | H88: 1 | I88: 0 | J88: 1 | K88: 0 | L88: 1. Social, M.d.S.y.P., Cuidados desde el nacimiento, in Recomendaciones basadas en pruebas y buenas prácticas. 2010: Madrid 2. Ministerio de Sanidad, P.S.e.I., IHAN Calidad en la asistencia profesional al nacimiento y la lactancia, in Informes, estudios e investigación. 2011: Madrid. | M88: 1 | N88: n.a. | O88: Ítem posterior a la evaluación.
A89: =A88+1 -> 40 | C89: Pacientes y familiares | D89: Habitación de paciente | E89: Mobiliario | F89: =IF(E89="Distribución",5,IF(E89="instalación",4,IF(E89="equipamiento",3,IF(E89="suelo",3,IF(E89="hueco",4,IF(E89="techo",2,IF(E89="puerta",2,IF(E89="pared",2,IF(E89="mobiliario",1,IF(E89="señalética",1,IF(E89="arte",1,0))))))))))) -> 1 | G89: Mueble cambiador para que la madre o la persona acompañante pueda cambiar al bebé. | H89: 1 | I89: 1 | J89: 1 | K89: 0 | L89: Social, M.d.S.y.P., Maternidad Hospitalaria Estándares y Recomendaciones. 2009: Madrid | M89: 1 | N89: n.a. | O89: Ítem posterior a la evaluación.
A90: =A89+1 -> 41 | C90: Pacientes y familiares | D90: Habitación de paciente | E90: Mobiliario | F90: =IF(E90="Distribución",5,IF(E90="instalación",4,IF(E90="equipamiento",3,IF(E90="suelo",3,IF(E90="hueco",4,IF(E90="techo",2,IF(E90="puerta",2,IF(E90="pared",2,IF(E90="mobiliario",1,IF(E90="señalética",1,IF(E90="arte",1,0))))))))))) -> 1 | G90: (Si la cartera de servicios del hospital cuenta con una unidad de hospitalización específica para obstetricia)¹, (la habitación de paciente tiene bañera para asear al bebé)². | H90: 1 | I90: 1 | J90: 1 | K90: 0 | L90: 1. Autores CURARQ 2. Social, M.d.S.y.P., Maternidad Hospitalaria Estándares y Recomendaciones. 2009: Madrid | M90: 1 | N90: n.a.
A91: =A90+1 -> 42 | C91: Pacientes y familiares | D91: Habitación de paciente | E91: Mobiliario | F91: =IF(E91="Distribución",5,IF(E91="instalación",4,IF(E91="equipamiento",3,IF(E91="suelo",3,IF(E91="hueco",4,IF(E91="techo",2,IF(E91="puerta",2,IF(E91="pared",2,IF(E91="mobiliario",1,IF(E91="señalética",1,IF(E91="arte",1,0))))))))))) -> 1 | G91: Mesa cigüeña para comer. | H91: 0 | I91: 0 | J91: 1 | K91: 0 | L91: Unidad de enfermería en hospitalización polivalente de agudos, in Estándares y recomendaciones, e.e.i. Informes, Editor. 2009, Ministerio de Sanidad y Política Social. | M91: 1 | N91: sí
A92: =A91+1 -> 43 | C92: Pacientes y familiares | D92: Habitación de paciente | E92: Mobiliario | F92: =IF(E92="Distribución",5,IF(E92="instalación",4,IF(E92="equipamiento",3,IF(E92="suelo",3,IF(E92="hueco",4,IF(E92="techo",2,IF(E92="puerta",2,IF(E92="pared",2,IF(E92="mobiliario",1,IF(E92="señalética",1,IF(E92="arte",1,0))))))))))) -> 1 | G92: Silla sin ruedas y sillón reclinable. | H92: 0 | I92: 0 | J92: 1 | K92: 0 | L92: Unidad de enfermería en hospitalización polivalente de agudos, in Estándares y recomendaciones, e.e.i. Informes, Editor. 2009, Ministerio de Sanidad y Política Social. | M92: 1 | N92: sí
A93: =A92+1 -> 44 | C93: Pacientes y familiares | D93: Habitación de paciente | E93: Mobiliario | F93: =IF(E93="Distribución",5,IF(E93="instalación",4,IF(E93="equipamiento",3,IF(E93="suelo",3,IF(E93="hueco",4,IF(E93="techo",2,IF(E93="puerta",2,IF(E93="pared",2,IF(E93="mobiliario",1,IF(E93="señalética",1,IF(E93="arte",1,0))))))))))) -> 1 | G93: Los asientos tienen reposabrazos. | H93: 1 | I93: 0 | J93: 0 | K93: 0 | L93: HBN 08-02-1 Dementia-friendly Health and Social Care Environments. 2015, Department of Health UK | M93: 1 | N93: sí
A94: =A93+1 -> 45 | C94: Pacientes y familiares | D94: Habitación de paciente | E94: Mobiliario | F94: =IF(E94="Distribución",5,IF(E94="instalación",4,IF(E94="equipamiento",3,IF(E94="suelo",3,IF(E94="hueco",4,IF(E94="techo",2,IF(E94="puerta",2,IF(E94="pared",2,IF(E94="mobiliario",1,IF(E94="señalética",1,IF(E94="arte",1,0))))))))))) -> 1 | G94: Mobiliario para que el acompañante pueda pasar la noche (cama o sillón cómodo). | H94: 0 | I94: 0 | J94: 1 | K94: 0 | L94: Unidad de enfermería en hospitalización polivalente de agudos, in Estándares y recomendaciones, e.e.i. Informes, Editor. 2009, Ministerio de Sanidad y Política Social | M94: 1 | N94: sí
A95: =A94+1 -> 46 | C95: Pacientes y familiares | D95: Habitación de paciente | E95: Mobiliario | F95: =IF(E95="Distribución",5,IF(E95="instalación",4,IF(E95="equipamiento",3,IF(E95="suelo",3,IF(E95="hueco",4,IF(E95="techo",2,IF(E95="puerta",2,IF(E95="pared",2,IF(E95="mobiliario",1,IF(E95="señalética",1,IF(E95="arte",1,0))))))))))) -> 1 | G95: (Armario para guardar los enseres del paciente durante su estancia. El armario está empotrado para no obstaculizar los movimientos de la cama)¹. (Almacenamiento seguro para objetos personales de valor del paciente y acompañante)². | H95: 0 | I95: 0 | J95: 1 | K95: 1 | L95: 1. Unidad de enfermería en hospitalización polivalente de agudos, in Estándares y recomendaciones, e.e.i. Informes, Editor. 2009, Ministerio de Sanidad y Política Social. 2. Alliance, A.H.I., Part B - Health Facility Briefing and Planning 0340 - Inpatient Accommodation Unit, in Australasian Health Facility Guidelines. 2016 | M95: 1 | N95: no | O95: Lo cumple todo pero no es seguro.
A96: =A95+1 -> 47 | C96: Pacientes y familiares | D96: Habitación de paciente | E96: Mobiliario | F96: =IF(E96="Distribución",5,IF(E96="instalación",4,IF(E96="equipamiento",3,IF(E96="suelo",3,IF(E96="hueco",4,IF(E96="techo",2,IF(E96="puerta",2,IF(E96="pared",2,IF(E96="mobiliario",1,IF(E96="señalética",1,IF(E96="arte",1,0))))))))))) -> 1 | G96: (Acabados de fácil limpieza y mantenimiento)¹. (Sin bordes ni esquinas afiladas o puntiagudas. Superficies suaves sin perforaciones o ranuras)². (Acabados que no reflejen)³. | H96: 1 | I96: 0 | J96: 1 | K96: 1 | L96: 1. Unidad de enfermería en hospitalización polivalente de agudos, in Estándares y recomendaciones, e.e.i. Informes, Editor. 2009, Ministerio de Sanidad y Política Social. 2. Medical-Surgical Patient Room Annotation CHD 3. HBN 08-02-1 Dementia-friendly Health and Social Care Environments. 2015, Department of Health UK. | M96: 1 | N96: sí
A97: =A96+1 -> 48 | C97: Pacientes y familiares | D97: Habitación de paciente | E97: Mobiliario | F97: =IF(E97="Distribución",5,IF(E97="instalación",4,IF(E97="equipamiento",3,IF(E97="suelo",3,IF(E97="hueco",4,IF(E97="techo",2,IF(E97="puerta",2,IF(E97="pared",2,IF(E97="mobiliario",1,IF(E97="señalética",1,IF(E97="arte",1,0))))))))))) -> 1 | G97: (Dispensador de solución hidro alcohólica)¹ (visible desde el acceso a la habitación)² y (diseñado ergonómicamente para facilitar su uso)³. | H97: 1 | I97: 0 | J97: 0 | K97: 0 | L97: 1. Unidad de enfermería en hospitalización polivalente de agudos, in Estándares y recomendaciones, e.e.i. Informes, Editor. 2009, Ministerio de Sanidad y Política Social. 2. Medical-Surgical Patient Room Annotation CHD 3. Medical-Surgical Patient Room Annotation CHD (Nevo et al., 2010) | M97: 1 | N97: sí
A98: =A97+1 -> 49 | C98: Pacientes y familiares | D98: Aseo en habitación | E98: Distribución | F98: =IF(E98="Distribución",5,IF(E98="instalación",4,IF(E98="equipamiento",3,IF(E98="suelo",3,IF(E98="hueco",4,IF(E98="techo",2,IF(E98="puerta",2,IF(E98="pared",2,IF(E98="mobiliario",1,IF(E98="señalética",1,IF(E98="arte",1,0))))))))))) -> 5 | G98: Superficie útil mínima de 4 m2. Permite el acceso y movimiento de una silla de ruedas con ayuda. | H98: 1 | I98: 0 | J98: 1 | K98: 0 | L98: Unidad de enfermería en hospitalización polivalente de agudos, in Estándares y recomendaciones, e.e.i. Informes, Editor. 2009, Ministerio de Sanidad y Política Social | M98: 1 | N98: no | O98: Datos de hospitalización polivalente porque eran iguales. Mide 3,7 metros cuadrados.
A99: =A98+1 -> 50 | C99: Pacientes y familiares | D99: Aseo en habitación | E99: Distribución | F99: =IF(E99="Distribución",5,IF(E99="instalación",4,IF(E99="equipamiento",3,IF(E99="suelo",3,IF(E99="hueco",4,IF(E99="techo",2,IF(E99="puerta",2,IF(E99="pared",2,IF(E99="mobiliario",1,IF(E99="señalética",1,IF(E99="arte",1,0))))))))))) -> 5 | G99: Ubicado, preferentemente, en la zona interior de la habitación, junto al pasillo de circulación general de la unidad para permitir el registro de las instalaciones desde el exterior de la habitación y las labores de limpieza sin interrumpir las actividades que se desarrollen en el interior de la habitación. | H99: 0 | I99: 1 | J99: 1 | K99: 1 | L99: Unidad de enfermería en hospitalización polivalente de agudos, in Estándares y recomendaciones, e.e.i. Informes, Editor. 2009, Ministerio de Sanidad y Política Social | M99: 1 | N99: sí
A100: =A99+1 -> 51 | C100: Pacientes y familiares | D100: Aseo en habitación | E100: Distribución | F100: =IF(E100="Distribución",5,IF(E100="instalación",4,IF(E100="equipamiento",3,IF(E100="suelo",3,IF(E100="hueco",4,IF(E100="techo",2,IF(E100="puerta",2,IF(E100="pared",2,IF(E100="mobiliario",1,IF(E100="señalética",1,IF(E100="arte",1,0))))))))))) -> 5 | G100: (El inodoro es accesible por transferencia lateral desde la silla de ruedas. Hay más de 700 mm de espacio libre) (al menos en un lado del sanitario para los/las cuidadores/ras)². | H100: 1 | I100: 0 | J100: 0 | K100: 0 | L100: 1. HBN 08-02-1 Dementia-friendly Health and Social Care Environments. 2015, Department of Health UK 2. Autores CURARQ | M100: 1 | N100: sí
...

Sheet PF
C2: Zona | D2: Local | E2: Nº ítems
C4: Configuración unidad | E4: =COUNTIF(Requisitos!C1:C11,C4) -> 10
F5: =E4 -> 10
C6: Circulación | D6: Pasillo | E6: =COUNTIF(Requisitos!D12:D28,D6) -> 17
F7: =E6 -> 17
C8: Acceso | D8: Entrada y vestíbulo | E8: =COUNTIF(#REF!,D8) -> #REF!
C9: Acceso | D9: Estar de familiares | E9: =COUNTIF(#REF!,D9) -> #REF!
C10: Acceso | D10: Despacho información | E10: =COUNTIF(#REF!,D10) -> #REF!
C11: Acceso | D11: Aseo público | E11: =COUNTIF(#REF!,D11) -> #REF!
F12: =SUM(E8:E11) -> #REF!
C13: Pacientes y familiares | D13: Habitación de paciente | E13: =COUNTIF(Requisitos!$D$50:$D$125,D13) -> 48
C14: Pacientes y familiares | D14: Aseo en habitación | E14: =COUNTIF(Requisitos!$D$50:$D$125,D14) -> 21
C15: Pacientes y familiares | D15: Estar de madres | E15: 7
F16: =SUM(E13:E15) -> 76
C17: Control de enfermería | D17: Mostrador | E17: =COUNTIF(#REF!,D17) -> #REF!
C18: Control de enfermería | D18: Zona trabajo enfermería | E18: =COUNTIF(#REF!,D18) -> #REF!
C19: Control de enfermería | D19: Oficio limpio | E19: =COUNTIF(#REF!,D19) -> #REF!
C20: Control de enfermería | D20: Estar de personal | E20: =COUNTIF(#REF!,D20) -> #REF!
C21: Control de enfermería | D21: Despacho supervisión enfermería | E21: =COUNTIF(#REF!,D21) -> #REF!
C22: Control de enfermería | D22: Aseo de personal | E22: =COUNTIF(#REF!,D22) -> #REF!
C23: Control de enfermería | D23: Sala de curas madre | E23: =COUNTIF(#REF!,D23) -> #REF!
C24: Control de enfermería | D24: Sala de curas neonato | E24: =COUNTIF(#REF!,D24) -> #REF!
C25: Control de enfermería | D25: Despensa leche materna | E25: 4
F26: =SUM(E17:E25) -> #REF!
C27: Personal | D27: Sala de trabajo médico | E27: =COUNTIF(#REF!,D27) -> #REF!
C28: Personal | D28: Vestuario | E28: =COUNTIF(#REF!,D28) -> #REF!
F29: =SUM(E27:E28) -> #REF!
C30: Apoyos | D30: Vestíbulo interno | E30: =COUNTIF(Requisitos!$D$194:$D$221,D30) -> 2
C31: Apoyos | D31: Oficio de comidas | E31: =COUNTIF(Requisitos!$D$194:$D$221,D31) -> 4
C32: Apoyos | D32: Oficio sucio | E32: =COUNTIF(Requisitos!$D$194:$D$221,D32) -> 6
C33: Apoyos | D33: Oficio de limpieza | E33: =COUNTIF(Requisitos!$D$194:$D$221,D33) -> 4
C34: Apoyos | D34: Recogida ropa sucia | E34: =COUNTIF(Requisitos!$D$194:$D$221,D34) -> 2
C35: Apoyos | D35: Almacén de lencería | E35: =COUNTIF(Requisitos!$D$194:$D$221,D35) -> 3
C36: Apoyos | D36: Almacén de material | E36: =COUNTIF(Requisitos!$D$194:$D$221,D36) -> 4
C37: Apoyos | D37: Almacén de equipos | E37: =COUNTIF(Requisitos!$D$194:$D$221,D37) -> 3
F38: =SUM(E30:E37) -> 28
F39: =SUM(F2:F38) -> #REF!
